Workbook
Name \a: #N/A
Name \b: #REF!
Name \c: #REF!
Name \h: #REF!
Name \m: #REF!
Name \p: #REF!
Name \r: #REF!
Name \s: #REF!
Name _____DOS1: #REF!
Name _____RC: #REF!
Name _____UNO1: #REF!
Name ____DIA1: #REF!
Name ____DIA2: #REF!
Name ____DOS1: #REF!
Name ____EE1: #REF!
Name ____GT1: #REF!
Name ____GTO1: #REF!
Name ____INC1: #REF!
Name ____INI1: #REF!
Name ____MA1: #REF!
Name ____MES1: #REF!
Name ____RC: #REF!
Name ____UNO1: #REF!
Name ___DAT1: #REF!
Name ___DIA1: #REF!
Name ___DIA2: #REF!
Name ___DOS1: #REF!
Name ___EE1: #REF!
Name ___GT1: #REF!
Name ___GTO1: #REF!
Name ___INC1: #REF!
Name ___INI1: #REF!
Name ___MA1: #REF!
Name ___MES1: #REF!
Name ___RC: #REF!
Name ___UNO1: #REF!
Name ___xlnm._FilterDatabase: #REF!
Name ___xlnm._FilterDatabase_2: #REF!
Name ___xlnm.Print_Area: #REF!
Name ___xlnm.Print_Titles: #REF!
Name __1Excel_BuiltIn_Print_Area_1_1: #REF!
Name __DAT1: #REF!
Name __DIA1: #REF!
Name __DIA2: #REF!
Name __DOS1: #REF!
Name __EE1: #REF!
Name __GT1: #REF!
Name __GTO1: #REF!
Name __INC1: #REF!
Name __INI1: #REF!
Name __MA1: #REF!
Name __MES1: #REF!
Name __RC: #REF!
Name __TaI7: #REF!
Name __UNO1: #REF!
Name __xlnm._FilterDatabase: #REF!
Name __xlnm._FilterDatabase_2: #REF!
Name __xlnm.Print_Area: #REF!
Name __xlnm.Print_Titles: #REF!
Name _1: #N/A

Sheet 1.RESUMEN VF
B4: PARQUES NACIONALES NATURALES DE COLOMBIA
B6: COSTOS POR VIGENCIA FISCAL
L30: TOTAL TOTAL CTO | M30: =+E31+G31+I31+K31 -> 14053599342
B31: TOTAL CONTATACIÓN POR VIGENCIA FISCAL | D31: =+D67 -> 2026 | E31: =+E67 -> 2.1108775e+08 | F31: =+F67 -> 2027 | G31: =+G67 -> 4.5944215e+09 | H31: =+H67 -> 2028 | I31: =+I67 -> 4.6915637e+09 | J31: =+J67 -> 2029 | K31: =+K67 -> 4.5565264e+09 | L31: TOTAL VF | M31: =+E31+G31+I31+K31 -> 14053599342
C32: DIAS DE COBERTURA GRUPOS 1, 2 Y 4 | D32: =+'3.VIGENCIA 2026'!D10 -> 16 | F32: =+'4.VIGENCIA 2027'!D10 -> 365 | H32: =+'5.VIGENCIA 2028'!D10 -> 366 | J32: =+'6.VIGENCIA 2029'!D10 -> 349 | L32: =+D32+F32+H32+J32 -> 1096
C33: DIAS DE COBERTURA GRUPOS 3 Y 5 | D33: =+'3.VIGENCIA 2026'!E10 -> 25 | F33: =+F32 -> 365 | H33: =+H32 -> 366 | J33: =+J32 -> 349 | L33: =+D33+F33+H33+J33 -> 1105
B35: GRUPO | C35: RAMO | D35: 2026 | F35: 2027 | H35: 2028 | J35: 2029 | L35: TOTAL CONTRATACION
D36: Valor Fijo | E36: Remanentes | F36: Valor Fijo | G36: Remanentes | H36: Valor Fijo | I36: Remanentes | J36: Valor Fijo | K36: Remanentes | L36: Valor Fijo | M36: Remanentes
B37: 1 | C37: TODO RIESGO DAÑOS MATERIALES | D37: =+'3.VIGENCIA 2026'!M14 -> 100682191 | E37: =+'3.VIGENCIA 2026'!M15 -> 3020466 | F37: =+'4.VIGENCIA 2027'!M14 -> 2338341362 | G37: =+'4.VIGENCIA 2027'!M15 -> 70150241 | H37: =+'5.VIGENCIA 2028'!M14 -> 2426537776 | I37: =+'5.VIGENCIA 2028'!M15 -> 72796133 | J37: =+'6.VIGENCIA 2029'!M14 -> 2393996572 | K37: =+'6.VIGENCIA 2029'!M15 -> 71819897 | L37: =+D37+F37+H37+J37 -> 7259557901 | M37: =+E37+G37+I37+K37 -> 2.1778674e+08
C38: MANEJO GLOBAL ENTIDADES ESTATALES | D38: =+'3.VIGENCIA 2026'!M16 -> 8191452 | F38: =+'4.VIGENCIA 2027'!M16 -> 186867499 | H38: =+'5.VIGENCIA 2028'!M16 -> 187379465 | J38: =+'6.VIGENCIA 2029'!M16 -> 178676047 | L38: =+D38+F38+H38+J38 -> 561114463 | M38: =+E38+G38+I38+K38 -> 0
C39: RESPONSABILIDAD CIVIL EXTRACONTRACTUAL | D39: =+'3.VIGENCIA 2026'!M17 -> 8614199 | F39: =+'4.VIGENCIA 2027'!M17 -> 196511421 | H39: =+'5.VIGENCIA 2028'!M17 -> 197049808 | J39: =+'6.VIGENCIA 2029'!M17 -> 187897222 | L39: =+D39+F39+H39+J39 -> 590072650 | M39: =+E39+G39+I39+K39 -> 0
C40: TRANSPORTE DE VALORES | D40: =+'3.VIGENCIA 2026'!M18 -> 328880 | F40: =+'4.VIGENCIA 2027'!M18 -> 7502573 | H40: =+'5.VIGENCIA 2028'!M18 -> 7523128 | J40: =+'6.VIGENCIA 2029'!M18 -> 7173692 | L40: =+D40+F40+H40+J40 -> 22528273 | M40: =+E40+G40+I40+K40 -> 0
C41: TRANSPORTE DE MERCANCIAS | D41: =+'3.VIGENCIA 2026'!M19 -> 95461 | F41: =+'4.VIGENCIA 2027'!M19 -> 2177700 | H41: =+'5.VIGENCIA 2028'!M19 -> 2183667 | J41: =+'6.VIGENCIA 2029'!M19 -> 2082239 | L41: =+D41+F41+H41+J41 -> 6539067 | M41: =+E41+G41+I41+K41 -> 0
C42: MAQUINARIA Y EQUIPO | D42: =+'3.VIGENCIA 2026'!M20 -> 265108 | F42: =+'4.VIGENCIA 2027'!M20 -> 6205775 | H42: =+'5.VIGENCIA 2028'!M20 -> 6533915 | J42: =+'6.VIGENCIA 2029'!M20 -> 6535392 | L42: =+D42+F42+H42+J42 -> 19540190 | M42: =+E42+G42+I42+K42 -> 0
C43: CASCO BARCO | D43: =+'3.VIGENCIA 2026'!M21 -> 18102047 | F43: =+'4.VIGENCIA 2027'!M21 -> 412952929 | H43: =+'5.VIGENCIA 2028'!M21 -> 414084307 | J43: =+'6.VIGENCIA 2029'!M21 -> 394850882 | L43: =+D43+F43+H43+J43 -> 1239990165 | M43: =+E43+G43+I43+K43 -> 0
B44: TOTAL GRUPO No. 1 | D44: =SUM(D37:D43) -> 136279338 | E44: =SUM(E37:E43) -> 3020466 | F44: =SUM(F37:F43) -> 3150559259 | G44: =SUM(G37:G43) -> 70150241 | H44: =SUM(H37:H43) -> 3241292066 | I44: =SUM(I37:I43) -> 72796133 | J44: =SUM(J37:J43) -> 3171212046 | K44: =SUM(K37:K43) -> 71819897 | ... M44: =SUM(M37:M43) -> 2.1778674e+08
B45: TOTAL VIGENCIA FISCAL | D45: 2026 | E45: =+D44+E44 -> 139299804 | F45: =+F35 -> 2027 | G45: =+F44+G44 -> 3.2207095e+09 | H45: =+H35 -> 2028 | I45: =+H44+I44 -> 3.3140882e+09 | J45: =+J35 -> 2029 | K45: =+J44+K44 -> 3.2430319e+09 | L45: TOTAL CONTRATACION | M45: =+L44+M44 -> 9.9171294e+09
B47: GRUPO | C47: RAMO | D47: 2026 | F47: 2027 | H47: 2028 | J47: 2029 | L47: TOTAL CONTRATACION
D48: Valor Fijo | E48: Remanentes | F48: Valor Fijo | G48: Remanentes | H48: Valor Fijo | I48: Remanentes | J48: Valor Fijo | K48: Remanentes | L48: Valor Fijo | M48: Remanentes
B49: 2 | C49: AUTOMÓVILES | D49: =+'3.VIGENCIA 2026'!M26 -> 21705451 | E49: =+'3.VIGENCIA 2026'!M27 -> 2170545 | F49: =+'4.VIGENCIA 2027'!M26 -> 495155607 | G49: =+'4.VIGENCIA 2027'!M27 -> 49515561 | H49: =+'5.VIGENCIA 2028'!M26 -> 496512198 | I49: =+'5.VIGENCIA 2028'!M27 -> 49651220 | J49: =+'6.VIGENCIA 2029'!M26 -> 473450156 | K49: =+'6.VIGENCIA 2029'!M27 -> 47345016 | L49: =+D49+F49+H49+J49 -> 1486823412 | M49: =+E49+G49+I49+K49 -> 1.4868234e+08
B50: TOTAL VIGENCIA FISCAL GRUPO No. 2 | D50: 2026 | E50: =+D49+E49 -> 23875996 | F50: =+F47 -> 2027 | G50: =+F49+G49 -> 5.4467117e+08 | H50: =+H47 -> 2028 | I50: =+H49+I49 -> 5.4616342e+08 | J50: =+J47 -> 2029 | K50: =+J49+K49 -> 5.2079517e+08 | L50: TOTAL CONTRATACION | M50: =+L49+M49 -> 1.6355058e+09
B52: GRUPO | C52: RAMO | D52: 2026 | F52: 2027 | H52: 2028 | J52: 2029 | L52: TOTAL CONTRATACION
D53: Valor Fijo | E53: Remanentes | F53: Valor Fijo | G53: Remanentes | H53: Valor Fijo | I53: Remanentes | J53: Valor Fijo | K53: Remanentes | L53: Valor Fijo | M53: Remanentes
B54: 3 | C54: =+'3.VIGENCIA 2026'!C32 -> RESPONSABILIDAD CIVIL SERVIDORES PUBLICOS | D54: =+'3.VIGENCIA 2026'!M33 -> 31298134 | F54: =+'4.VIGENCIA 2027'!M33 -> 456952758 | H54: =+'5.VIGENCIA 2028'!M33 -> 458204683 | J54: =+'6.VIGENCIA 2029'!M33 -> 436921952 | L54: =+D54+F54+H54+J54 -> 1383377527 | M54: =+E54+G54+I54+K54 -> 0
B55: TOTAL VIGENCIA FISCAL GRUPO No. 3 | D55: 2026 | E55: =+D54 -> 31298134 | F55: =+F52 -> 2027 | G55: =+F54 -> 456952758 | H55: =+H52 -> 2028 | I55: =+H54 -> 458204683 | J55: =+J52 -> 2029 | K55: =+J54 -> 436921952 | L55: TOTAL CONTRATACION | M55: =+L54 -> 1383377527
B57: GRUPO | C57: RAMO | D57: 2026 | F57: 2027 | H57: 2028 | J57: 2029 | L57: TOTAL CONTRATACION
D58: Valor Fijo | E58: Remanentes | F58: Valor Fijo | G58: Remanentes | H58: Valor Fijo | I58: Remanentes | J58: Valor Fijo | K58: Remanentes | L58: Valor Fijo | M58: Remanentes
B59: 4 | C59: CASCO AVIACIÓN (DRONES) | D59: =+'3.VIGENCIA 2026'!M39 -> 12343181 | F59: =+'4.VIGENCIA 2027'!M37+'4.VIGENCIA 2027'!M38 -> 281578852 | G59: =+'4.VIGENCIA 2027'!M39 -> 28157885 | H59: =+'5.VIGENCIA 2028'!M37+'5.VIGENCIA 2028'!M38 -> 282350302 | I59: =+'5.VIGENCIA 2028'!M39 -> 28235030 | J59: =+'6.VIGENCIA 2029'!M37+'6.VIGENCIA 2029'!M38 -> 269235669 | K59: =+'6.VIGENCIA 2029'!M39 -> 26923567 | L59: =+D59+F59+H59+J59 -> 8.45508e+08 | M59: =+E59+G59+I59+K59 -> 83316482
B60: TOTAL VIGENCIA FISCAL GRUPO No. 4 | D60: 2026 | E60: =+D59 -> 12343181 | F60: =+F57 -> 2027 | G60: =+F59+G59 -> 3.0973674e+08 | H60: =+H57 -> 2028 | I60: =+H59+I59 -> 3.1058533e+08 | J60: =+J57 -> 2029 | K60: =+J59+K59 -> 2.9615924e+08 | L60: TOTAL CONTRATACION | M60: =+L59+M59 -> 9.2882449e+08
B62: GRUPO | C62: RAMO | D62: 2026 | F62: 2027 | H62: 2028 | J62: 2029 | L62: TOTAL CONTRATACION
D63: Valor Fijo | E63: Remanentes | F63: Valor Fijo | G63: Remanentes | H63: Valor Fijo | I63: Remanentes | J63: Valor Fijo | K63: Remanentes | L63: Valor Fijo | M63: Remanentes
B64: 5 | C64: =+'3.VIGENCIA 2026'!C43 -> ACCIDENTES PERSONALES (GUARDABOSQUES) | D64: =+'3.VIGENCIA 2026'!M44 -> 4270636 | F64: =+'4.VIGENCIA 2027'!M45 -> 62351291 | H64: =+'5.VIGENCIA 2028'!M45 -> 62522117 | J64: =+'6.VIGENCIA 2029'!M45 -> 59618085 | L64: =+D64+F64+H64+J64 -> 188762129 | M64: =+E64+G64+I64+K64 -> 0
B65: TOTAL VIGENCIA FISCAL GRUPO No. 5 | D65: 2026 | E65: =+D64 -> 4270636 | F65: =+F62 -> 2027 | G65: =+F64+G64 -> 62351291 | H65: =+H62 -> 2028 | I65: =+H64+I64 -> 62522117 | J65: =+J62 -> 2029 | K65: =+J64+K64 -> 59618085 | L65: TOTAL CONTRATACION | M65: =+L64+M64 -> 188762129
B67: TOTAL CONTATACIÓN POR VIGENCIA FISCAL | D67: =+D65 -> 2026 | E67: =+E65+E60+E55+E50+E45 -> 2.1108775e+08 | F67: =+F65 -> 2027 | G67: =+G65+G60+G55+G50+G45 -> 4.5944215e+09 | H67: =+H65 -> 2028 | I67: =+I65+I60+I55+I50+I45 -> 4.6915637e+09 | J67: =+J65 -> 2029 | K67: =+K65+K60+K55+K50+K45 -> 4.5565264e+09 | L67: TOTAL CONTRATACION | M67: =+E67+G67+I67+K67 -> 14053599342

Sheet ESTIMACIÓN_PRESUPUESTO PNN
B2: PARQUES NACIONALES NATURALES DE COLOMBIA
B3: ESTUDIO DE MERCADO
B4: DETERMINACION TASAS PROMEDIO
B7: GRUPO No. 1
B8: ENTIDAD | C8: No. PROCESO CONTRACTUAL | D8: TASAS | E8: IPC 2023 | F8: IPC 2024 | G8: IPC 2025 | H8: TASAS CON INDEXACIÓN | I8: RAMO | J8: TASAS CON INDEXACIÓN | K8: PROMEDIO TASAS
E9: 0.0928 | F9: 0.052 | G9: 0.051 | K9: MEDIA.ACOTADA TASA MERCADO | L9: TIPO DE TASA %
B10: PARQUES NACIONALES NATURALES DE COLOMBIA | C10: LICITACIÓN PÚBLICA No. LP-NC-001-2026 | D10: 12 | H10: =+D10 -> 12 | I10: Todo Riesgo Daños Materiales | J10: =+H10 -> 12 | K10: =TRIMMEAN((J10:J14),0) -> 10.301684 | L10: %
B11: SANTIAGO DE CALI DISTRITO ESPECIAL- UNIDAD | C11: 4181.010.26.1.364.-2026 - TASA ADJUDICADA | D11: 9.21 | H11: =+D11 -> 9.21 | J11: =+H11 -> 9.21
B12: AREA METROPOLITANA DE BUCARAMANGA | C12: AMB-SAF-LP-001-2025 - TASA ADJUDICADA | D12: 8.85 | G12: =+D12*G$9+D12 -> 9.30135 | H12: =+G12 -> 9.30135 | J12: =+H12 -> 9.30135
B13: DEPARTAMENTO ADMINISTRATIVO NACIONAL DE ESTADISTICA DANE | C13: LP-002-2023 (tasa vigencia 2026) | D13: 12.13 | E13: =+D13*E$9+D13 -> 13.255664 | F13: =+E13*F$9+E13 -> 13.944959 | G13: =+F13*G$9+F13 -> 14.656151 | H13: =+G13 -> 14.656151 | J13: =+H13 -> 14.656151
B14: SENADO DE LA REPÚBLICA | C14: LP-SEN-001-2026 | D14: 6.34092 | H14: =+D14 -> 6.34092 | J14: =+H14 -> 6.34092
B15: PARQUES NACIONALES NATURALES DE COLOMBIA | C15: LICITACIÓN PÚBLICA No. LP-NC-001-2026 | D15: 25 | H15: =+D15 -> 25 | I15: Manejo Global Entidades Estatales | J15: =+H15 -> 25 | K15: =TRIMMEAN((J15:J18),0) -> 19.628939 | L15: %
B16: SENADO DE LA REPÚBLICA | C16: LP-SEN-001-2026 | D16: 11.42598 | H16: =+D16 -> 11.42598 | J16: =+H16 -> 11.42598
B17: FONDO NACIONAL DE ESTUPEFACIENTES | C17: FNE-MC-010-2026 | D17: 15.04 | H17: =+D17 -> 15.04 | J17: =+H17 -> 15.04
B18: SECRETARIA DISTRITAL DE MOVILIDAD | C18: SDM - LP -6-2024 | D18: 24.465 | F18: =+D18*F$9+D18 -> 25.73718 | G18: =+F18*G$9+F18 -> 27.049776 | H18: =+G18 -> 27.049776 | J18: =+H18 -> 27.049776
B19: PARQUES NACIONALES NATURALES DE COLOMBIA | C19: LICITACIÓN PÚBLICA No. LP-NC-001-2026 | D19: 2.5 | H19: =+D19 -> 2.5 | I19: Responsabilidad Civil Extracontractual | J19: =+H19 -> 2.5 | K19: =TRIMMEAN((J19:J23),0) -> 2.7522608 | L19: %
B20: AGENCIA LOGISTICA DE LAS FUERZA MILITARES | C20: LICITACIÓN PÚBLICA No. 002-046-2026 | D20: 2.55 | H20: =+D20 -> 2.55 | J20: =+H20 -> 2.55
B21: CONTRALORIA GENERAL DE CALDAS -CGC | C21: SELECCIÓN ABREVIADA DE MENOR CUANTÍA No. SAMC-CGC-02-2025 | D21: 2 | F21: =+D21*F$9+D21 -> 2.104 | G21: =+F21*G$9+F21 -> 2.211304 | H21: =+G21 -> 2.211304 | J21: =+H21 -> 2.211304
B22: EMPRESA DE DESARROLLO Y RENOVACIÓN URBANA DE CALI (EDRU) | C22: EDRU-IS-0001-2026 | D22: 2 | H22: =+D22 -> 2 | J22: =+H22 -> 2
B23: SENADO DE LA REPÚBLICA | C23: LP-SEN-001-2026 | D23: 4.5 | H23: =+D23 -> 4.5 | J23: =+H23 -> 4.5
B24: PARQUES NACIONALES NATURALES DE COLOMBIA | C24: LICITACIÓN PÚBLICA No. LP-NC-001-2026 | D24: 0.8 | H24: =+D24 -> 0.8 | I24: Transporte de Valores | J24: =+H24 -> 0.8 | K24: =TRIMMEAN((J24:J28),0) -> 0.96995123 | L24: %
B25: DEPARTAMENTO ADMINISTRATIVO DEL SERVICIO CIVIL DISTRITAL | C25: PE - LP-002-2025 | D25: 1.2 | F25: =+D25*F$9+D25 -> 1.2624 | G25: =+F25*G$9+F25 -> 1.3267824 | H25: =+G25 -> 1.3267824 | J25: =+H25 -> 1.3267824
B26: INSTITUTO NACIONAL DE SALUD | C26: LP-002-2026 | D26: 1 | H26: =+D26 -> 1 | J26: =+H26 -> 1
B27: UNIDAD DE INFORMACIÓN Y ANÁLISIS FINANCIERO - UIAF | C27: CONTRATACIÓN DIRECTA QUE REQUIEREN DE RESERVA | D27: 0.75 | H27: =+D27 -> 0.75 | J27: =+H27 -> 0.75
B28: COMPUTADORES PARA EDUCAR | C28: LICITACIÓN PÚBLICA No. 01 DE 2025 | D28: 0.88 | F28: =+D28*F$9+D28 -> 0.92576 | G28: =+F28*G$9+F28 -> 0.97297376 | H28: =+G28 -> 0.97297376 | J28: =+H28 -> 0.97297376
B29: PARQUES NACIONALES NATURALES DE COLOMBIA | C29: LICITACIÓN PÚBLICA No. LP-NC-001-2026 | D29: 0.8 | H29: =+D29 -> 0.8 | I29: Transporte de Mercancías | J29: =+H29 -> 0.8 | K29: =TRIMMEAN((J29:J34),0) -> 0.61 | L29: %
B30: CONTRALORÍA DE BOGOTA | C30: CB-LP-001-2026 | D30: 0.5 | H30: =+D30 -> 0.5 | J30: =+H30 -> 0.5
B31: FONDO NACIONAL DE ESTUPEFACIENTES | C31: FNE-MC-010-2026 | D31: 0.7 | H31: =+D31 -> 0.7 | J31: =+H31 -> 0.7
B32: INSTITUTO NACIONAL DE SALUD | C32: LP-002-2026 | D32: 0.5 | H32: =+D32 -> 0.5 | J32: =+H32 -> 0.5
B33: SUPERINTENDENCIA DE INDUSTRIA Y COMERCIO | C33: LP- SIC 8 DE 2026 | D33: 0.58 | H33: =+D33 -> 0.58 | J33: =+H33 -> 0.58
B34: AGENCIA LOGISTICA DE LAS FUERZA MILITARES | C34: LICITACIÓN PÚBLICA No. 002-046-2026 | D34: 0.58 | H34: =+D34 -> 0.58 | J34: =+H34 -> 0.58
B35: PARQUES NACIONALES NATURALES DE COLOMBIA | C35: LICITACIÓN PÚBLICA No. LP-NC-001-2026 | D35: 10 | H35: =+D35 -> 10 | I35: Maquinaria y Equipo | J35: =+H35 -> 10 | K35: =TRIMMEAN((J35:J39),0) -> 9.247765 | L35: %
B36: AGENCIA LOGISTICA DE LAS FUERZA MILITARES | C36: LICITACIÓN PÚBLICA No. 002-046-2026 | D36: 12.5 | H36: =+D36 -> 12.5 | J36: =+H36 -> 12.5
B37: AGENCIA DE DESARROLLO RURAL | C37: SELECCION ABREVIADA DE MENOR CUANTIA SAMC-03-2026 | D37: 10.1 | H37: =+D37 -> 10.1 | J37: =+H37 -> 10.1
B38: INSTITUTO NACIONAL DE SALUD | C38: PROCESO INS-LP-002-2026 | D38: 8 | H38: =+D38 -> 8 | J38: =+H38 -> 8
B39: UNIVERSIDAD NACIONAL DE COLOMBIA VIGENCIA 2026 | C39: INVITACION PUBLICA 19-2025-NAL | D39: 5.1 | F39: =+D39*F$9+D39 -> 5.3652 | G39: =+F39*G$9+F39 -> 5.6388252 | H39: =+G39 -> 5.6388252 | J39: =+H39 -> 5.6388252
B40: PARQUES NACIONALES NATURALES DE COLOMBIA | C40: LICITACIÓN PÚBLICA No. LP-NC-001-2026 | D40: 1.5 | H40: =+D40 -> 1.5 | I40: Casco Barco | J40: =+H40 -> 1.5 | K40: =TRIMMEAN((J40:J44),0) -> 4.400412 | L40: %
B41: AGENCIA LOGISTICA DE LAS FUERZA MILITARES | C41: LICITACIÓN PÚBLICA No. 002-046-2026 | D41: 5.5 | H41: =+D41 -> 5.5 | J41: =+H41 -> 5.5
B42: DEPARTAMENTO DE CUNDINAMARCA | C42: LICITACIÓN PÚBLICA SG-LP-001-2025 | D42: 5.374 | F42: =+D42*F$9+D42 -> 5.653448 | G42: =+F42*G$9+F42 -> 5.9417738 | H42: =+G42 -> 5.9417738 | J42: =+H42 -> 5.9417738
B43: UNIVERSIDAD NACIONAL DE COLOMBIA VIGENCIA 2026 | C43: INVITACION PUBLICA 19-2025-NAL | D43: 4.12 | F43: =+D43*F$9+D43 -> 4.33424 | G43: =+F43*G$9+F43 -> 4.5552862 | H43: =+G43 -> 4.5552862 | J43: =+H43 -> 4.5552862
B44: UAE CUERPO OFICIAL DE BOMBEROS DE BOGOTÁ | C44: LP-003-2026 | D44: 4.505 | H44: =+D44 -> 4.505 | J44: =+H44 -> 4.505
B47: GRUPO No. 2
B48: ENTIDAD | C48: No. PROCESO CONTRACTUAL | D48: TASAS | E48: IPC 2023 | F48: IPC 2024 | G48: IPC 2025 | H48: TARIFA DEFINITIVA | I48: RAMO | J48: TASAS | K48: PROMEDIO TASAS
E49: 0.0928 | F49: 0.052 | G49: 0.051 | K49: PROMERIO TASA MERCADO | L49: TIPO DE TASA % - %o
B50: PARQUES NACIONALES NATURALES DE COLOMBIA | C50: SEL-ABREV-008-2025 | D50: 2.003 | F50: =+D50*F$9+D50 -> 2.107156 | G50: =+F50*G$9+F50 -> 2.214621 | H50: =+G50 -> 2.214621 | I50: Automóviles | J50: =+H50 -> 2.214621 | K50: =TRIMMEAN((J50:J55),0) -> 2.3190202 | L50: %
B51: AGENCIA LOGISTICA DE LAS FUERZA MILITARES | C51: LICITACIÓN PÚBLICA No. 002-046-2026 | D51: 2.6 | H51: =D51 -> 2.6 | J51: =+H51 -> 2.6
B52: UNIDAD ADMINISTRATIVA ESPECIAL DE AERONÁUTICA CIVIL - AEROCIVIL | C52: LICITACION PUBLICA 26001053 H3 de 2026 | D52: 1.42 | H52: =D52 -> 1.42 | J52: =+H52 -> 1.42
B53: CONCEJO DE BOGOTA | C53: SELECCIÓN ABREVIADA DE MENOR CUANTIA No. SDH-SAMC-0001-2026 | D53: 3.5 | H53: =D53 -> 3.5 | J53: =+H53 -> 3.5
B54: MINISTERIO DEL INTERIOR | C54: SAMC-002-2026 | D54: 1.8575 | H54: =D54 -> 1.8575 | J54: =+H54 -> 1.8575
B55: SUPERINTENDENCIA DE INDUSTRIA Y COMERCIO - SIC | C55: LICITACIÓN PÚBLICA SIC 8 DE 2026 | D55: 2.322 | H55: =D55 -> 2.322 | J55: =+H55 -> 2.322
B57: GRUPO No. 3
B58: ENTIDAD | C58: No. PROCESO CONTRACTUAL | D58: TASAS | E58: IPC 2023 | F58: IPC 2024 | G58: IPC 2025 | H58: TARIFA DEFINITIVA | I58: RAMO | J58: TASAS | K58: PROMEDIO TASAS
E59: 0.0928 | F59: 0.052 | G59: 0.051 | K59: PROMERIO TASA MERCADO | L59: TIPO DE TASA % - %o
B60: PARQUES NACIONALES NATURALES DE COLOMBIA | C60: LICITACIÓN PÚBLICA No. LP-NC-001-2023 | D60: 15.113 | E60: =+D60*E$9+D60 -> 16.515486 | F60: =+E60*F$9+E60 -> 17.374292 | G60: =+F60*G$9+F60 -> 18.260381 | H60: =+G60 -> 18.260381 | I60: Responsabilidad Civil Servidores Públicos | J60: =+H60 -> 18.260381 | K60: =TRIMMEAN((J60:J63),0) -> 14.768997 | L60: %
B61: SECRETARIA DISTRITAL DE DESARROLLO ECONOMICO | C61: LICITACIÓN PUBLICA No. SDDE- LP-005-2026 | D61: 11.256 | H61: =+D61 -> 11.256 | J61: =+H61 -> 11.256
B62: INSTITUTO DISTRITAL DE PROTECCIÓN Y BIENESTAR ANIMAL - IDPYBA | C62: SAMC-002-2025 | D62: 16 | F62: =+D62*F$9+D62 -> 16.832 | G62: =+F62*G$9+F62 -> 17.690432 | H62: =+G62 -> 17.690432 | J62: =+H62 -> 17.690432
B63: MUNICIPIO DE QUEBRADANEGRA | C63: SAMC-014-2025 | D63: 10.735 | F63: =+D63*F$9+D63 -> 11.29322 | G63: =+F63*G$9+F63 -> 11.869174 | H63: =+G63 -> 11.869174 | J63: =+H63 -> 11.869174
B66: GRUPO No. 4
B67: ENTIDAD | C67: No. PROCESO CONTRACTUAL | D67: TASAS | E67: IPC 2023 | F67: IPC 2024 | G67: IPC 2025 | H67: TASAS CON INDEXACIÓN | I67: RAMO | J67: TASAS | K67: PROMEDIO TASAS
E68: 0.0928 | F68: 0.052 | G68: 0.051 | K68: PROMERIO TASA MERCADO | L68: TIPO DE TASA % - %o
B69: PARQUES NACIONALES NATURALES DE COLOMBIA | C69: SEL-ABREV-027-2024 (Tasa Casco) | D69: 17.09 | F69: =+D69*F$9+D69 -> 17.97868 | G69: =+F69*G$9+F69 -> 18.895593 | H69: =+G69 -> 18.895593 | I69: Casco Drones | J69: =+H69 -> 18.895593 | K69: =+J69 -> 18.895593 | L69: %
B70: PARQUES NACIONALES NATURALES DE COLOMBIA | C70: SEL-ABREV-027-2025 (RCE Prima $4,305,000 por Drone) | D70: 4305000 | F70: =ROUND((+D70*F$9+D70),0) -> 4528860 | G70: =ROUND((+F70*G$9+F70),0) -> 4759832 | H70: =+G70 -> 4759832 | J70: =+H70 -> 4759832 | K70: Prima Anual por Drone
D71: 4524555
D72: 4759831.9
B76: GRUPO No. 5
B77: ENTIDAD | C77: No. PROCESO CONTRACTUAL | D77: TASAS | E77: IPC 2023 | F77: IPC 2024 | G77: IPC 2025 | H77: TASAS CON INDEXACIÓN | I77: RAMO | J77: TASAS CON INDEXACIÓN | K77: PROMEDIO TASAS
E78: 0.0928 | F78: 0.052 | G78: 0.051 | K78: MEDIA.ACOTADA TASA MERCADO | L78: TIPO DE TASA %
B79: PARQUES NACIONALES NATURALES DE COLOMBIA | C79: LP-NC-001-2023 (OFERTA HDI SEGUROS S.A.) | D79: 7.35 | E79: =+D79*E$9+D79 -> 8.03208 | F79: =+E79*F$9+E79 -> 8.4497482 | G79: =+F79*G$9+F79 -> 8.8806853 | H79: =+G79 -> 8.8806853 | I79: ACCIDENTES PERSONALES | J79: =+H79 -> 8.8806853 | K79: =+J79 -> 8.8806853 | L79: %

Sheet 2.TASAS PROMEDIO
B2: PARQUES NACIONALES NATURALES DE COLOMBIA
B3: ESTUDIO DE MERCADO
B4: DETERMINACION TASAS PROMEDIO
B7: GRUPO No. 1
B8: ENTIDAD | C8: No. PROCESO CONTRACTUAL | D8: TASAS | E8: IPC 2023 | F8: IPC 2024 | G8: IPC 2025 | H8: TASAS CON INDEXACIÓN | I8: RAMO | J8: TASAS CON INDEXACIÓN | K8: PROMEDIO TASAS
E9: 0.0928 | F9: 0.052 | G9: 0.051 | K9: MEDIA.ACOTADA TASA MERCADO | L9: TIPO DE TASA %
B10: PARQUES NACIONALES NATURALES DE COLOMBIA | C10: LICITACIÓN PÚBLICA No. LP-NC-001-2026 | D10: 12 | H10: =+D10 -> 12 | I10: Todo Riesgo Daños Materiales | J10: =+H10 -> 12 | K10: =TRIMMEAN((J10:J14),0) -> 10.301684 | L10: %
B11: SANTIAGO DE CALI DISTRITO ESPECIAL- UNIDAD | C11: 4181.010.26.1.364.-2026 - TASA ADJUDICADA | D11: 9.21 | H11: =+D11 -> 9.21 | J11: =+H11 -> 9.21
B12: AREA METROPOLITANA DE BUCARAMANGA | C12: AMB-SAF-LP-001-2025 - TASA ADJUDICADA | D12: 8.85 | G12: =+D12*G$9+D12 -> 9.30135 | H12: =+G12 -> 9.30135 | J12: =+H12 -> 9.30135
B13: DEPARTAMENTO ADMINISTRATIVO NACIONAL DE ESTADISTICA DANE | C13: LP-002-2023 (tasa vigencia 2026) | D13: 12.13 | E13: =+D13*E$9+D13 -> 13.255664 | F13: =+E13*F$9+E13 -> 13.944959 | G13: =+F13*G$9+F13 -> 14.656151 | H13: =+G13 -> 14.656151 | J13: =+H13 -> 14.656151
B14: SENADO DE LA REPÚBLICA | C14: LP-SEN-001-2026 | D14: 6.34092 | H14: =+D14 -> 6.34092 | J14: =+H14 -> 6.34092
B15: PARQUES NACIONALES NATURALES DE COLOMBIA | C15: LICITACIÓN PÚBLICA No. LP-NC-001-2026 | D15: 25 | H15: =+D15 -> 25 | I15: Manejo Global Entidades Estatales | J15: =+H15 -> 25 | K15: =TRIMMEAN((J15:J18),0) -> 19.628939 | L15: %
B16: SENADO DE LA REPÚBLICA | C16: LP-SEN-001-2026 | D16: 11.42598 | H16: =+D16 -> 11.42598 | J16: =+H16 -> 11.42598
B17: FONDO NACIONAL DE ESTUPEFACIENTES | C17: FNE-MC-010-2026 | D17: 15.04 | H17: =+D17 -> 15.04 | J17: =+H17 -> 15.04
B18: SECRETARIA DISTRITAL DE MOVILIDAD | C18: SDM - LP -6-2024 | D18: 24.465 | F18: =+D18*F$9+D18 -> 25.73718 | G18: =+F18*G$9+F18 -> 27.049776 | H18: =+G18 -> 27.049776 | J18: =+H18 -> 27.049776
B19: PARQUES NACIONALES NATURALES DE COLOMBIA | C19: LICITACIÓN PÚBLICA No. LP-NC-001-2026 | D19: 2.5 | H19: =+D19 -> 2.5 | I19: Responsabilidad Civil Extracontractual | J19: =+H19 -> 2.5 | K19: =TRIMMEAN((J19:J23),0) -> 2.7522608 | L19: %
B20: AGENCIA LOGISTICA DE LAS FUERZA MILITARES | C20: LICITACIÓN PÚBLICA No. 002-046-2026 | D20: 2.55 | H20: =+D20 -> 2.55 | J20: =+H20 -> 2.55
B21: CONTRALORIA GENERAL DE CALDAS -CGC | C21: SELECCIÓN ABREVIADA DE MENOR CUANTÍA No. SAMC-CGC-02-2025 | D21: 2 | F21: =+D21*F$9+D21 -> 2.104 | G21: =+F21*G$9+F21 -> 2.211304 | H21: =+G21 -> 2.211304 | J21: =+H21 -> 2.211304
B22: EMPRESA DE DESARROLLO Y RENOVACIÓN URBANA DE CALI (EDRU) | C22: EDRU-IS-0001-2026 | D22: 2 | H22: =+D22 -> 2 | J22: =+H22 -> 2
B23: SENADO DE LA REPÚBLICA | C23: LP-SEN-001-2026 | D23: 4.5 | H23: =+D23 -> 4.5 | J23: =+H23 -> 4.5
B24: PARQUES NACIONALES NATURALES DE COLOMBIA | C24: LICITACIÓN PÚBLICA No. LP-NC-001-2026 | D24: 0.8 | H24: =+D24 -> 0.8 | I24: Transporte de Valores | J24: =+H24 -> 0.8 | K24: =TRIMMEAN((J24:J28),0) -> 0.96995123 | L24: %
B25: DEPARTAMENTO ADMINISTRATIVO DEL SERVICIO CIVIL DISTRITAL | C25: PE - LP-002-2025 | D25: 1.2 | F25: =+D25*F$9+D25 -> 1.2624 | G25: =+F25*G$9+F25 -> 1.3267824 | H25: =+G25 -> 1.3267824 | J25: =+H25 -> 1.3267824
B26: INSTITUTO NACIONAL DE SALUD | C26: LP-002-2026 | D26: 1 | H26: =+D26 -> 1 | J26: =+H26 -> 1
B27: UNIDAD DE INFORMACIÓN Y ANÁLISIS FINANCIERO - UIAF | C27: CONTRATACIÓN DIRECTA QUE REQUIEREN DE RESERVA | D27: 0.75 | H27: =+D27 -> 0.75 | J27: =+H27 -> 0.75
B28: COMPUTADORES PARA EDUCAR | C28: LICITACIÓN PÚBLICA No. 01 DE 2025 | D28: 0.88 | F28: =+D28*F$9+D28 -> 0.92576 | G28: =+F28*G$9+F28 -> 0.97297376 | H28: =+G28 -> 0.97297376 | J28: =+H28 -> 0.97297376
B29: PARQUES NACIONALES NATURALES DE COLOMBIA | C29: LICITACIÓN PÚBLICA No. LP-NC-001-2026 | D29: 0.8 | H29: =+D29 -> 0.8 | I29: Transporte de Mercancías | J29: =+H29 -> 0.8 | K29: =TRIMMEAN((J29:J34),0) -> 0.61 | L29: %
B30: CONTRALORÍA DE BOGOTA | C30: CB-LP-001-2026 | D30: 0.5 | H30: =+D30 -> 0.5 | J30: =+H30 -> 0.5
B31: FONDO NACIONAL DE ESTUPEFACIENTES | C31: FNE-MC-010-2026 | D31: 0.7 | H31: =+D31 -> 0.7 | J31: =+H31 -> 0.7
B32: INSTITUTO NACIONAL DE SALUD | C32: LP-002-2026 | D32: 0.5 | H32: =+D32 -> 0.5 | J32: =+H32 -> 0.5
B33: SUPERINTENDENCIA DE INDUSTRIA Y COMERCIO | C33: LP- SIC 8 DE 2026 | D33: 0.58 | H33: =+D33 -> 0.58 | J33: =+H33 -> 0.58
B34: AGENCIA LOGISTICA DE LAS FUERZA MILITARES | C34: LICITACIÓN PÚBLICA No. 002-046-2026 | D34: 0.58 | H34: =+D34 -> 0.58 | J34: =+H34 -> 0.58
B35: PARQUES NACIONALES NATURALES DE COLOMBIA | C35: LICITACIÓN PÚBLICA No. LP-NC-001-2026 | D35: 10 | H35: =+D35 -> 10 | I35: Maquinaria y Equipo | J35: =+H35 -> 10 | K35: =TRIMMEAN((J35:J39),0) -> 9.247765 | L35: %
B36: AGENCIA LOGISTICA DE LAS FUERZA MILITARES | C36: LICITACIÓN PÚBLICA No. 002-046-2026 | D36: 12.5 | H36: =+D36 -> 12.5 | J36: =+H36 -> 12.5
B37: AGENCIA DE DESARROLLO RURAL | C37: SELECCION ABREVIADA DE MENOR CUANTIA SAMC-03-2026 | D37: 10.1 | H37: =+D37 -> 10.1 | J37: =+H37 -> 10.1
B38: INSTITUTO NACIONAL DE SALUD | C38: PROCESO INS-LP-002-2026 | D38: 8 | H38: =+D38 -> 8 | J38: =+H38 -> 8
B39: UNIVERSIDAD NACIONAL DE COLOMBIA VIGENCIA 2026 | C39: INVITACION PUBLICA 19-2025-NAL | D39: 5.1 | F39: =+D39*F$9+D39 -> 5.3652 | G39: =+F39*G$9+F39 -> 5.6388252 | H39: =+G39 -> 5.6388252 | J39: =+H39 -> 5.6388252
B40: PARQUES NACIONALES NATURALES DE COLOMBIA | C40: LICITACIÓN PÚBLICA No. LP-NC-001-2026 | D40: 1.5 | H40: =+D40 -> 1.5 | I40: Casco Barco | J40: =+H40 -> 1.5 | K40: =TRIMMEAN((J40:J44),0) -> 4.400412 | L40: %
B41: AGENCIA LOGISTICA DE LAS FUERZA MILITARES | C41: LICITACIÓN PÚBLICA No. 002-046-2026 | D41: 5.5 | H41: =+D41 -> 5.5 | J41: =+H41 -> 5.5
B42: DEPARTAMENTO DE CUNDINAMARCA | C42: LICITACIÓN PÚBLICA SG-LP-001-2025 | D42: 5.374 | F42: =+D42*F$9+D42 -> 5.653448 | G42: =+F42*G$9+F42 -> 5.9417738 | H42: =+G42 -> 5.9417738 | J42: =+H42 -> 5.9417738
B43: UNIVERSIDAD NACIONAL DE COLOMBIA VIGENCIA 2026 | C43: INVITACION PUBLICA 19-2025-NAL | D43: 4.12 | F43: =+D43*F$9+D43 -> 4.33424 | G43: =+F43*G$9+F43 -> 4.5552862 | H43: =+G43 -> 4.5552862 | J43: =+H43 -> 4.5552862
B44: UAE CUERPO OFICIAL DE BOMBEROS DE BOGOTÁ | C44: LP-003-2026 | D44: 4.505 | H44: =+D44 -> 4.505 | J44: =+H44 -> 4.505
B47: GRUPO No. 2
B48: ENTIDAD | C48: No. PROCESO CONTRACTUAL | D48: TASAS | E48: IPC 2023 | F48: IPC 2024 | G48: IPC 2025 | H48: TARIFA DEFINITIVA | I48: RAMO | J48: TASAS | K48: PROMEDIO TASAS
E49: 0.0928 | F49: 0.052 | G49: 0.051 | K49: PROMERIO TASA MERCADO | L49: TIPO DE TASA % - %o
B50: PARQUES NACIONALES NATURALES DE COLOMBIA | C50: SEL-ABREV-008-2025 | D50: 2.003 | F50: =+D50*F$9+D50 -> 2.107156 | G50: =+F50*G$9+F50 -> 2.214621 | H50: =+G50 -> 2.214621 | I50: Automóviles | J50: =+H50 -> 2.214621 | K50: =TRIMMEAN((J50:J55),0) -> 2.3190202 | L50: %
B51: AGENCIA LOGISTICA DE LAS FUERZA MILITARES | C51: LICITACIÓN PÚBLICA No. 002-046-2026 | D51: 2.6 | H51: =D51 -> 2.6 | J51: =+H51 -> 2.6
B52: UNIDAD ADMINISTRATIVA ESPECIAL DE AERONÁUTICA CIVIL - AEROCIVIL | C52: LICITACION PUBLICA 26001053 H3 de 2026 | D52: 1.42 | H52: =D52 -> 1.42 | J52: =+H52 -> 1.42
B53: CONCEJO DE BOGOTA | C53: SELECCIÓN ABREVIADA DE MENOR CUANTIA No. SDH-SAMC-0001-2026 | D53: 3.5 | H53: =D53 -> 3.5 | J53: =+H53 -> 3.5
B54: MINISTERIO DEL INTERIOR | C54: SAMC-002-2026 | D54: 1.8575 | H54: =D54 -> 1.8575 | J54: =+H54 -> 1.8575
B55: SUPERINTENDENCIA DE INDUSTRIA Y COMERCIO - SIC | C55: LICITACIÓN PÚBLICA SIC 8 DE 2026 | D55: 2.322 | H55: =D55 -> 2.322 | J55: =+H55 -> 2.322
B57: GRUPO No. 3
B58: ENTIDAD | C58: No. PROCESO CONTRACTUAL | D58: TASAS | E58: IPC 2023 | F58: IPC 2024 | G58: IPC 2025 | H58: TARIFA DEFINITIVA | I58: RAMO | J58: TASAS | K58: PROMEDIO TASAS
E59: 0.0928 | F59: 0.052 | G59: 0.051 | K59: PROMERIO TASA MERCADO | L59: TIPO DE TASA % - %o
B60: PARQUES NACIONALES NATURALES DE COLOMBIA | C60: LICITACIÓN PÚBLICA No. LP-NC-001-2023 | D60: 15.113 | E60: =+D60*E$9+D60 -> 16.515486 | F60: =+E60*F$9+E60 -> 17.374292 | G60: =+F60*G$9+F60 -> 18.260381 | H60: =+G60 -> 18.260381 | I60: Responsabilidad Civil Servidores Públicos | J60: =+H60 -> 18.260381 | K60: =TRIMMEAN((J60:J63),0) -> 14.768997 | L60: %
B61: SECRETARIA DISTRITAL DE DESARROLLO ECONOMICO | C61: LICITACIÓN PUBLICA No. SDDE- LP-005-2026 | D61: 11.256 | H61: =+D61 -> 11.256 | J61: =+H61 -> 11.256
B62: INSTITUTO DISTRITAL DE PROTECCIÓN Y BIENESTAR ANIMAL - IDPYBA | C62: SAMC-002-2025 | D62: 16 | F62: =+D62*F$9+D62 -> 16.832 | G62: =+F62*G$9+F62 -> 17.690432 | H62: =+G62 -> 17.690432 | J62: =+H62 -> 17.690432
B63: MUNICIPIO DE QUEBRADANEGRA | C63: SAMC-014-2025 | D63: 10.735 | F63: =+D63*F$9+D63 -> 11.29322 | G63: =+F63*G$9+F63 -> 11.869174 | H63: =+G63 -> 11.869174 | J63: =+H63 -> 11.869174
B66: GRUPO No. 4
B67: ENTIDAD | C67: No. PROCESO CONTRACTUAL | D67: TASAS | E67: IPC 2023 | F67: IPC 2024 | G67: IPC 2025 | H67: TASAS CON INDEXACIÓN | I67: RAMO | J67: TASAS | K67: PROMEDIO TASAS
E68: 0.0928 | F68: 0.052 | G68: 0.051 | K68: PROMERIO TASA MERCADO | L68: TIPO DE TASA % - %o
B69: PARQUES NACIONALES NATURALES DE COLOMBIA | C69: SEL-ABREV-027-2024 (Tasa Casco) | D69: 17.09 | F69: =+D69*F$9+D69 -> 17.97868 | G69: =+F69*G$9+F69 -> 18.895593 | H69: =+G69 -> 18.895593 | I69: Casco Drones | J69: =+H69 -> 18.895593 | K69: =+J69 -> 18.895593 | L69: %
B70: PARQUES NACIONALES NATURALES DE COLOMBIA | C70: SEL-ABREV-027-2025 (RCE Prima $4,305,000 por Drone) | D70: 4305000 | F70: =ROUND((+D70*F$9+D70),0) -> 4528860 | G70: =ROUND((+F70*G$9+F70),0) -> 4759832 | H70: =+G70 -> 4759832 | J70: =+H70 -> 4759832 | K70: Prima Anual por Drone
D71: 4524555
D72: 4759831.9
B76: GRUPO No. 5
B77: ENTIDAD | C77: No. PROCESO CONTRACTUAL | D77: TASAS | E77: IPC 2023 | F77: IPC 2024 | G77: IPC 2025 | H77: TASAS CON INDEXACIÓN | I77: RAMO | J77: TASAS CON INDEXACIÓN | K77: PROMEDIO TASAS
E78: 0.0928 | F78: 0.052 | G78: 0.051 | K78: MEDIA.ACOTADA TASA MERCADO | L78: TIPO DE TASA %
B79: PARQUES NACIONALES NATURALES DE COLOMBIA | C79: LP-NC-001-2023 (OFERTA HDI SEGUROS S.A.) | D79: 7.35 | E79: =+D79*E$9+D79 -> 8.03208 | F79: =+E79*F$9+E79 -> 8.4497482 | G79: =+F79*G$9+F79 -> 8.8806853 | H79: =+G79 -> 8.8806853 | I79: ACCIDENTES PERSONALES | J79: =+H79 -> 8.8806853 | K79: =+J79 -> 8.8806853 | L79: %

Sheet 3.VIGENCIA 2026
C2: PARQUES NACIONALES NATURALES DE COLOMBIA
C3: ESTUDIO DE MERCADO
C4: CALCULO VALORES APROXIMADOS DE PRIMA VIGENCIA 2026 HASTA 2029
C7: VIGENCIA | D7: GRUPO No. 1, 2 y 4 | E7: GRUPO No. 3 | G7: GRUPO No. 5
C8: DESDE LAS 00:00 HORAS | D8: 46372 | E8: 46363 | G8: 46363
C9: HASTA LAS 00:00 HORAS | D9: 46388 | E9: 46388 | G9: 46388
C10: DIAS DE COBERTURA | D10: =+D9-D8 -> 16 | E10: =+E9-E8 -> 25 | G10: =+G9-G8 -> 25
C11: PRESUPUESTO | D11: =+M22+M28+M39 -> 1.7551898e+08 | E11: =+M33 -> 31298134 | G11: =+M44 -> 4270636 | I11: =+D11+E11+G11 -> 2.1108775e+08
B13: GRUPO No. 1 | C13: RAMO | D13: VALOR ASEGURADO | E13: VALOR ASEGURADO INDICE VARIABLE | F13: TIPO TASA | G13: TASA ANUAL | H13: TASA IND. VAR. | I13: SUBTOTAL PRIMA ANUAL | J13: PRIMA IND. VAR. ANUAL | K13: PRIMA PERIODO | L13: IVA | M13: TOTAL
C14: TODO RIESGO DAÑOS MATERIALES | D14: =+'7.VRES ASEGURADOS TRDM'!C19 -> 1.8721522e+11 | E14: =+'7.VRES ASEGURADOS TRDM'!D19 -> 2.8392864e+08 | F14: % | G14: =+'2.TASAS PROMEDIO'!K10 -> 10.301684 | H14: =+G14/2 -> 5.1508421 | I14: =ROUND((+D14*G14/1000),0) -> 1928632041 | J14: =ROUND((+E14*H14/1000),0) -> 1462472 | K14: =ROUND((I14+J14)/365*D10,0) -> 84606883 | L14: =ROUND((+K14*0.19),0) -> 16075308 | M14: =+K14+L14 -> 100682191
C15: VALOR FIJO PARA NUEVAS INCLUSIONES POLIZA TODO RIESGO DAÑOS MATERIALES | M15: =ROUND((+M14*3%),0) -> 3020466
C16: MANEJO GLOBAL ENTIDADES ESTATALES | D16: 800000000 | F16: % | G16: ='2.TASAS PROMEDIO'!K15 -> 19.628939 | H16: N/A | I16: =ROUND((+D16*G16/100),0) -> 157031512 | K16: =ROUND((I16+J16)/365*$D$10,0) -> 6883573 | L16: =ROUND((+K16*0.19),0) -> 1307879 | M16: =+K16+L16 -> 8191452
C17: RESPONSABILIDAD CIVIL EXTRACONTRACTUAL | D17: 6000000000 | F17: % | G17: ='2.TASAS PROMEDIO'!K19 -> 2.7522608 | H17: N/A | I17: =ROUND((+D17*G17/100),0) -> 165135648 | K17: =ROUND((I17+J17)/365*$D$10,0) -> 7238823 | L17: =ROUND((+K17*0.19),0) -> 1375376 | M17: =+K17+L17 -> 8614199
C18: TRANSPORTE DE VALORES | D18: 650000000 | F18: % | G18: ='2.TASAS PROMEDIO'!K24 -> 0.96995123 | H18: N/A | I18: =ROUND((+D18*G18/100),0) -> 6304683 | K18: =ROUND((I18+J18)/365*$D$10,0) -> 276370 | L18: =ROUND((+K18*0.19),0) -> 52510 | M18: =+K18+L18 -> 328880
C19: TRANSPORTE DE MERCANCIAS | D19: 300000000 | F19: % | G19: =+'2.TASAS PROMEDIO'!K29 -> 0.61 | H19: N/A | I19: =ROUND((+D19*G19/100),0) -> 1830000 | K19: =ROUND((I19+J19)/365*$D$10,0) -> 80219 | L19: =ROUND((+K19*0.19),0) -> 15242 | M19: =+K19+L19 -> 95461
C20: MAQUINARIA Y EQUIPO | D20: =+'8.VRES ASEGURADOS E&M '!C9 -> 548956000 | E20: =+'8.VRES ASEGURADOS E&M '!D9 -> 1203191.2 | F20: % | G20: =+'2.TASAS PROMEDIO'!K35 -> 9.247765 | H20: =+G20/2 -> 4.6238825 | I20: =ROUND((+D20*G20/1000),0) -> 5076616 | J20: =ROUND((+E20*H20/1000),0) -> 5563 | K20: =ROUND((I20+J20)/365*$D$10,0) -> 222780 | L20: =ROUND((+K20*0.19),0) -> 42328 | M20: =+K20+L20 -> 265108
C21: CASCO BARCO | D21: =+'9.CASCO BARCO'!I323 -> 7.8860631e+09 | F21: % | G21: =+'2.TASAS PROMEDIO'!K40 -> 4.400412 | H21: N/A | I21: =ROUND((+D21*G21/100),0) -> 347019268 | K21: =ROUND((I21+J21)/365*$D$10,0) -> 15211804 | L21: =ROUND((+K21*0.19),0) -> 2890243 | M21: =+K21+L21 -> 18102047
C22: TOTAL PROGRAMA DE SEGUROS GRUPO NO. 1 | M22: =SUM(M14:M21) -> 139299804
B25: GRUPO No. 2 | C25: RAMO | D25: VALOR ASEGURADO | F25: TASA ANUAL | H25: TIPO TASA | I25: SUBTOTAL PRIMA ANUAL | K25: PRIMA PERIODO | L25: IVA | M25: TOTAL
C26: AUTOMOVILES | D26: =+'10.PARQUE AUTOMOR 31-08-26 437'!Q439 -> 17942800000 | F26: % | G26: =+'2.TASAS PROMEDIO'!K50 -> 2.3190202 | H26: N/A | I26: =ROUND((+D26*G26/100),0) -> 416097149 | K26: =ROUND((I26+J26)/365*$D$10,0) -> 18239875 | L26: =ROUND((+K26*0.19),0) -> 3465576 | M26: =+K26+L26 -> 21705451
C27: REMANENTE POR AJUSTE POR CAMBIOS TARIFA FASECOLDA (NUEVAS INCLUSIONES) | M27: =ROUND((+M26*10%),0) -> 2170545
C28: TOTAL PROGRAMA DE SEGUROS GRUPO No. 2 | M28: =SUM(M26:M27) -> 23875996
B31: GRUPO No. 3 | C31: RAMO | D31: VALOR ASEGURADO | F31: TASA ANUAL | H31: TIPO TASA | I31: SUBTOTAL PRIMA ANUAL | K31: PRIMA PERIODO | L31: IVA | M31: TOTAL
C32: RESPONSABILIDAD CIVIL SERVIDORES PUBLICOS | D32: 2600000000 | F32: =+'2.TASAS PROMEDIO'!K60 -> 14.768997 | H32: % | I32: =ROUND((+D32*F32/100),0) -> 383993914 | K32: =ROUND((I32+J32)/365*$E$10,0) -> 26300953 | L32: =ROUND((+K32*0.19),0) -> 4997181 | M32: =+K32+L32 -> 31298134
C33: TOTAL PROGRAMA DE SEGUROS GRUPO No. 3 | M33: =SUM(M32:M32) -> 31298134
B36: GRUPO No. 4 | C36: RAMO | D36: VALOR ASEGURADO | F36: TASA ANUAL | H36: TIPO TASA | I36: SUBTOTAL PRIMA ANUAL | K36: PRIMA PERIODO | L36: IVA | M36: TOTAL
C37: CASCO AVIACIÓN (DRONES) | D37: =+'11.DRONES'!I23 -> 824021468 | F37: =+'2.TASAS PROMEDIO'!K69 -> 18.895593 | H37: % | I37: =+D37*F37/100 -> 1.5570374e+08 | K37: =ROUND((I37+J37)/365*$D$10,0) -> 6825369 | L37: =ROUND((+K37*0.19),0) -> 1296820 | M37: =+K37+L37 -> 8122189
C38: RCE LÍMITE DE $14.162.616.372,42 POR DRONE) EQUIVALENTE A 33,333 GRAMOS ORO (RAC100) POR $424.882,74 | D38: =(33333*424882.74)*17 -> 2.4076448e+11 | F38: =+'2.TASAS PROMEDIO'!J70 -> 4759832 | I38: =F38*17 -> 80917144 | K38: =ROUND((I38+J38)/365*$D$10,0) -> 3547053 | L38: =ROUND((+K38*0.19),0)-0.7 -> 673939.3 | M38: =+K38+L38 -> 4220992.3
C39: TOTAL PROGRAMA DE SEGUROS GRUPO No. 4 | M39: =SUM(M37:M38) -> 12343181
B42: GRUPO No. 5 | C42: RAMO | D42: VALOR ASEGURADO | F42: TASA ANUAL | H42: TIPO TASA | I42: SUBTOTAL PRIMA ANUAL | K42: PRIMA PERIODO | L42: IVA | M42: TOTAL
C43: ACCIDENTES PERSONALES (GUARDABOSQUES) | D43: =59000000*100 -> 5900000000 | F43: =+'2.TASAS PROMEDIO'!K79 -> 8.8806853 | H43: %o | I43: =+D43*F43/1000 -> 52396043 | K43: =ROUND((I43+J43)/365*$G$10,0) -> 3588770 | L43: =ROUND((+K43*0.19),0) -> 681866 | M43: =+K43+L43 -> 4270636
C44: TOTAL PROGRAMA DE SEGUROS GRUPO No. 5 | M44: =SUM(M43:M43) -> 4270636
B46: TOTAL PROGRAMA DE SEGUROS | M46: =+M44+M39+M33+M28+M22 -> 2.1108775e+08

Sheet 4.VIGENCIA 2027
C2: PARQUES NACIONALES NATURALES DE COLOMBIA
C3: ESTUDIO DE MERCADO
C4: CALCULO VALORES APROXIMADOS DE PRIMA VIGENCIA 2026 HASTA 2029
C7: VIGENCIA | D7: GRUPO No. 1 AL 5
C8: DESDE LAS 00:00 HORAS | D8: 46388
C9: HASTA LAS 00:00 HORAS | D9: 46753
C10: DIAS DE COBERTURA | D10: =+D9-D8 -> 365
C11: PRESUPUESTO | D11: =+M47 -> 4.5944215e+09
B13: GRUPO No. 1 | C13: RAMO | D13: VALOR ASEGURADO | E13: VALOR ASEGURADO INDICE VARIABLE | F13: TIPO TASA | G13: TASA ANUAL | H13: TASA IND. VAR. | I13: SUBTOTAL PRIMA ANUAL | J13: PRIMA IND. VAR. ANUAL | K13: PRIMA PERIODO | L13: IVA | M13: TOTAL
C14: TODO RIESGO DAÑOS MATERIALES | D14: =+'7.VRES ASEGURADOS TRDM'!F19 -> 1.8749914e+11 | E14: =+'7.VRES ASEGURADOS TRDM'!G19 -> 6.4913185e+09 | F14: % | G14: =+'2.TASAS PROMEDIO'!K10 -> 10.301684 | H14: =+G14/2 -> 5.1508421 | I14: =ROUND((+D14*G14/1000),0) -> 1931556984 | J14: =ROUND((+E14*H14/1000),0) -> 33435757 | K14: =ROUND((I14+J14)/365*D10,0) -> 1964992741 | L14: =ROUND((+K14*0.19),0) -> 373348621 | M14: =+K14+L14 -> 2338341362
C15: VALOR FIJO PARA NUEVAS INCLUSIONES POLIZA TODO RIESGO DAÑOS MATERIALES | M15: =+M14*3% -> 70150241
C16: MANEJO GLOBAL ENTIDADES ESTATALES | D16: 800000000 | F16: % | G16: ='2.TASAS PROMEDIO'!K15 -> 19.628939 | H16: N/A | I16: =ROUND((+D16*G16/100),0) -> 157031512 | K16: =ROUND((I16+J16)/365*$D$10,0) -> 157031512 | L16: =ROUND((+K16*0.19),0) -> 29835987 | M16: =+K16+L16 -> 186867499
C17: RESPONSABILIDAD CIVIL EXTRACONTRACTUAL | D17: 6000000000 | F17: % | G17: ='2.TASAS PROMEDIO'!K19 -> 2.7522608 | H17: N/A | I17: =ROUND((+D17*G17/100),0) -> 165135648 | K17: =ROUND((I17+J17)/365*$D$10,0) -> 165135648 | L17: =ROUND((+K17*0.19),0) -> 31375773 | M17: =+K17+L17 -> 196511421
C18: TRANSPORTE DE VALORES | D18: 650000000 | F18: % | G18: ='2.TASAS PROMEDIO'!K24 -> 0.96995123 | H18: N/A | I18: =ROUND((+D18*G18/100),0) -> 6304683 | K18: =ROUND((I18+J18)/365*$D$10,0) -> 6304683 | L18: =ROUND((+K18*0.19),0) -> 1197890 | M18: =+K18+L18 -> 7502573
C19: TRANSPORTE DE MERCANCIAS | D19: 300000000 | F19: % | G19: =+'2.TASAS PROMEDIO'!K29 -> 0.61 | H19: N/A | I19: =ROUND((+D19*G19/100),0) -> 1830000 | K19: =ROUND((I19+J19)/365*$D$10,0) -> 1830000 | L19: =ROUND((+K19*0.19),0) -> 347700 | M19: =+K19+L19 -> 2177700
C20: MAQUINARIA Y EQUIPO | D20: =+'8.VRES ASEGURADOS E&M '!F9 -> 5.5015919e+08 | E20: =+'8.VRES ASEGURADOS E&M '!G9 -> 27507960 | F20: % | G20: =+'2.TASAS PROMEDIO'!K35 -> 9.247765 | H20: =+G20/2 -> 4.6238825 | I20: =ROUND((+D20*G20/1000),0) -> 5087743 | J20: =ROUND((+E20*H20/1000),0) -> 127194 | K20: =ROUND((I20+J20)/365*$D$10,0) -> 5214937 | L20: =ROUND((+K20*0.19),0) -> 990838 | M20: =+K20+L20 -> 6205775
C21: CASCO BARCO | D21: =+'9.CASCO BARCO'!I323 -> 7.8860631e+09 | F21: % | G21: =+'2.TASAS PROMEDIO'!K40 -> 4.400412 | H21: N/A | I21: =ROUND((+D21*G21/100),0) -> 347019268 | K21: =ROUND((I21+J21)/365*$D$10,0) -> 347019268 | L21: =ROUND((+K21*0.19),0) -> 65933661 | M21: =+K21+L21 -> 412952929
C22: TOTAL PROGRAMA DE SEGUROS GRUPO NO. 1 | M22: =SUM(M14:M21) -> 3.2207095e+09
B25: GRUPO No. 2 | C25: RAMO | D25: VALOR ASEGURADO | F25: TASA ANUAL | H25: TIPO TASA | I25: SUBTOTAL PRIMA ANUAL | K25: PRIMA PERIODO | L25: IVA | M25: TOTAL
C26: AUTOMOVILES | D26: =+'10.PARQUE AUTOMOR 31-08-26 437'!Q439 -> 17942800000 | F26: % | G26: =+'2.TASAS PROMEDIO'!K50 -> 2.3190202 | H26: N/A | I26: =ROUND((+D26*G26/100),0) -> 416097149 | K26: =ROUND((I26+J26)/365*$D$10,0) -> 416097149 | L26: =ROUND((+K26*0.19),0) -> 79058458 | M26: =+K26+L26 -> 495155607
C27: REMANENTE POR AJUSTE POR CAMBIOS TARIFA FASECOLDA (NUEVAS INCLUSIONES) | M27: =+M26*10% -> 49515561
C28: TOTAL PROGRAMA DE SEGUROS GRUPO No. 2 | M28: =SUM(M26:M27) -> 5.4467117e+08
B31: GRUPO No. 3 | C31: RAMO | D31: VALOR ASEGURADO | F31: TASA ANUAL | H31: TIPO TASA | I31: SUBTOTAL PRIMA ANUAL | K31: PRIMA PERIODO | L31: IVA | M31: TOTAL
C32: RESPONSABILIDAD CIVIL SERVIDORES PUBLICOS | D32: 2600000000 | F32: =+'2.TASAS PROMEDIO'!K60 -> 14.768997 | H32: % | I32: =+D32*F32/100 -> 3.8399391e+08 | K32: =ROUND((I32+J32)/365*$D$10,0) -> 383993914 | L32: =ROUND((+K32*0.19),0) -> 72958844 | M32: =+K32+L32 -> 456952758
C33: TOTAL PROGRAMA DE SEGUROS GRUPO No. 3 | M33: =SUM(M32:M32) -> 456952758
B36: GRUPO No. 4 | C36: RAMO | D36: VALOR ASEGURADO | F36: TASA ANUAL | H36: TIPO TASA | I36: SUBTOTAL PRIMA ANUAL | K36: PRIMA PERIODO | L36: IVA | M36: TOTAL
C37: CASCO AVIACIÓN (DRONES) | D37: =+'11.DRONES'!I23 -> 824021468 | F37: =+'2.TASAS PROMEDIO'!K69 -> 18.895593 | H37: % | I37: =+D37*F37/100 -> 1.5570374e+08 | K37: =ROUND((I37+J37)/365*$D$10,0) -> 155703740 | L37: =ROUND((+K37*0.19),0) -> 29583711 | M37: =+K37+L37 -> 185287451
C38: =+'3.VIGENCIA 2026'!C38 -> RCE LÍMITE DE $14.162.616.372,42 POR DRONE) EQUIVALENTE A 33,333 GRAMOS ORO (RAC100) POR $424.882,74 | D38: =+'3.VIGENCIA 2026'!D38 -> 2.4076448e+11 | F38: =+'3.VIGENCIA 2026'!F38 -> 4759832 | I38: =+F38*17 -> 80917144 | K38: =ROUND((I38+J38)/365*$D$10,0) -> 80917144 | L38: =ROUND((+K38*0.19),0) -> 15374257 | M38: =+K38+L38 -> 96291401
C39: REMANENTE (NUEVAS INCLUSIONES) | M39: =(+M37+M38)*10% -> 28157885
C40: TOTAL PROGRAMA DE SEGUROS GRUPO No. 4 | M40: =SUM(M37:M39) -> 3.0973674e+08
B43: GRUPO No. 5 | C43: RAMO | D43: VALOR ASEGURADO | F43: TASA ANUAL | H43: TIPO TASA | I43: SUBTOTAL PRIMA ANUAL | K43: PRIMA PERIODO | L43: IVA | M43: TOTAL
C44: ACCIDENTES PERSONALES (GUARDABOSQUES) | D44: =59000000*100 -> 5900000000 | F44: =+'2.TASAS PROMEDIO'!K79 -> 8.8806853 | H44: %o | I44: =+D44*F44/1000 -> 52396043 | K44: =ROUND((I44+J44)/365*$D$10,0) -> 52396043 | L44: =ROUND((+K44*0.19),0) -> 9955248 | M44: =+K44+L44 -> 62351291
C45: TOTAL PROGRAMA DE SEGUROS GRUPO No. 5 | M45: =SUM(M44:M44) -> 62351291
B47: TOTAL PROGRAMA DE SEGUROS | M47: =+M45+M40+M33+M28+M22 -> 4.5944215e+09

Sheet 5.VIGENCIA 2028
C2: PARQUES NACIONALES NATURALES DE COLOMBIA
C3: ESTUDIO DE MERCADO
C4: CALCULO VALORES APROXIMADOS DE PRIMA VIGENCIA 2026 HASTA 2029
C7: VIGENCIA | D7: GRUPO No. 1 AL 5
C8: DESDE LAS 00:00 HORAS | D8: 46753
C9: HASTA LAS 00:00 HORAS | D9: 47119
C10: DIAS DE COBERTURA | D10: =+D9-D8 -> 366
C11: PRESUPUESTO | D11: =+M47 -> 4.6915637e+09
B13: GRUPO No. 1 | C13: RAMO | D13: VALOR ASEGURADO | E13: VALOR ASEGURADO INDICE VARIABLE | F13: TIPO TASA | G13: TASA ANUAL | H13: TASA IND. VAR. | I13: SUBTOTAL PRIMA ANUAL | J13: PRIMA IND. VAR. ANUAL | K13: PRIMA PERIODO | L13: IVA | M13: TOTAL
C14: TODO RIESGO DAÑOS MATERIALES | D14: =+'7.VRES ASEGURADOS TRDM'!I19 -> 1.9399046e+11 | E14: =+'7.VRES ASEGURADOS TRDM'!J19 -> 6.8158844e+09 | F14: %o | G14: =+'2.TASAS PROMEDIO'!K10 -> 10.301684 | H14: =+G14/2 -> 5.1508421 | I14: =ROUND((+D14*G14/1000),0) -> 1998428498 | J14: =ROUND((+E14*H14/1000),0) -> 35107545 | K14: =ROUND((I14+J14)/365*$D$10,0) -> 2039107375 | L14: =ROUND((+K14*0.19),0) -> 387430401 | M14: =+K14+L14 -> 2426537776
C15: VALOR FIJO PARA NUEVAS INCLUSIONES POLIZA TODO RIESGO DAÑOS MATERIALES | M15: =+M14*3% -> 72796133
C16: MANEJO GLOBAL ENTIDADES ESTATALES | D16: 800000000 | F16: % | G16: ='2.TASAS PROMEDIO'!K15 -> 19.628939 | H16: N/A | I16: =ROUND((+D16*G16/100),0) -> 157031512 | K16: =ROUND((I16+J16)/365*$D$10,0) -> 157461735 | L16: =ROUND((+K16*0.19),0) -> 29917730 | M16: =+K16+L16 -> 187379465
C17: RESPONSABILIDAD CIVIL EXTRACONTRACTUAL | D17: 6000000000 | F17: % | G17: ='2.TASAS PROMEDIO'!K19 -> 2.7522608 | H17: N/A | I17: =ROUND((+D17*G17/100),0) -> 165135648 | K17: =ROUND((I17+J17)/365*$D$10,0) -> 165588074 | L17: =ROUND((+K17*0.19),0) -> 31461734 | M17: =+K17+L17 -> 197049808
C18: TRANSPORTE DE VALORES | D18: 650000000 | F18: % | G18: ='2.TASAS PROMEDIO'!K24 -> 0.96995123 | H18: N/A | I18: =ROUND((+D18*G18/100),0) -> 6304683 | K18: =ROUND((I18+J18)/365*$D$10,0) -> 6321956 | L18: =ROUND((+K18*0.19),0) -> 1201172 | M18: =+K18+L18 -> 7523128
C19: TRANSPORTE DE MERCANCIAS | D19: 300000000 | F19: % | G19: =+'2.TASAS PROMEDIO'!K29 -> 0.61 | H19: N/A | I19: =ROUND((+D19*G19/100),0) -> 1830000 | K19: =ROUND((I19+J19)/365*$D$10,0) -> 1835014 | L19: =ROUND((+K19*0.19),0) -> 348653 | M19: =+K19+L19 -> 2183667
C20: MAQUINARIA Y EQUIPO | D20: =+'8.VRES ASEGURADOS E&M '!I9 -> 5.7766715e+08 | E20: =+'8.VRES ASEGURADOS E&M '!J9 -> 28883358 | F20: %o | G20: =+'2.TASAS PROMEDIO'!K35 -> 9.247765 | H20: =+G20/2 -> 4.6238825 | I20: =ROUND((+D20*G20/1000),0) -> 5342130 | J20: =ROUND((+E20*H20/1000),0) -> 133553 | K20: =ROUND((I20+J20)/365*$D$10,0) -> 5490685 | L20: =ROUND((+K20*0.19),0) -> 1043230 | M20: =+K20+L20 -> 6533915
C21: CASCO BARCO | D21: =+'9.CASCO BARCO'!I323 -> 7.8860631e+09 | F21: % | G21: =+'2.TASAS PROMEDIO'!K40 -> 4.400412 | H21: N/A | I21: =ROUND((+D21*G21/100),0) -> 347019268 | K21: =ROUND((I21+J21)/365*$D$10,0) -> 347970006 | L21: =ROUND((+K21*0.19),0) -> 66114301 | M21: =+K21+L21 -> 414084307
C22: TOTAL PROGRAMA DE SEGUROS GRUPO NO. 1 | M22: =SUM(M14:M21) -> 3.3140882e+09
B25: GRUPO No. 2 | C25: RAMO | D25: VALOR ASEGURADO | F25: TASA ANUAL | H25: TIPO TASA | I25: SUBTOTAL PRIMA ANUAL | K25: PRIMA PERIODO | L25: IVA | M25: TOTAL
C26: AUTOMOVILES | D26: =+'10.PARQUE AUTOMOR 31-08-26 437'!Q439 -> 17942800000 | F26: % | G26: =+'2.TASAS PROMEDIO'!K50 -> 2.3190202 | H26: N/A | I26: =ROUND((+D26*G26/100),0) -> 416097149 | K26: =ROUND((I26+J26)/365*$D$10,0) -> 417237141 | L26: =ROUND((+K26*0.19),0) -> 79275057 | M26: =+K26+L26 -> 496512198
C27: REMANENTE POR AJUSTE POR CAMBIOS TARIFA FASECOLDA (NUEVAS INCLUSIONES) | M27: =+M26*10% -> 49651220
C28: TOTAL PROGRAMA DE SEGUROS GRUPO No. 2 | M28: =SUM(M26:M27) -> 5.4616342e+08
B31: GRUPO No. 3 | C31: RAMO | D31: VALOR ASEGURADO | F31: TASA ANUAL | H31: TIPO TASA | I31: SUBTOTAL PRIMA ANUAL | K31: PRIMA PERIODO | L31: IVA | M31: TOTAL
C32: RESPONSABILIDAD CIVIL SERVIDORES PUBLICOS | D32: 2600000000 | F32: =+'2.TASAS PROMEDIO'!K60 -> 14.768997 | H32: % | I32: =+D32*F32/100 -> 3.8399391e+08 | K32: =ROUND((I32+J32)/365*$D$10,0) -> 385045952 | L32: =ROUND((+K32*0.19),0) -> 73158731 | M32: =+K32+L32 -> 458204683
C33: TOTAL PROGRAMA DE SEGUROS GRUPO No. 3 | M33: =SUM(M32:M32) -> 458204683
B36: GRUPO No. 4 | C36: RAMO | D36: VALOR ASEGURADO | F36: TASA ANUAL | H36: TIPO TASA | I36: SUBTOTAL PRIMA ANUAL | K36: PRIMA PERIODO | L36: IVA | M36: TOTAL
C37: CASCO AVIACIÓN (DRONES) | D37: =+'11.DRONES'!I23 -> 824021468 | F37: =+'2.TASAS PROMEDIO'!K69 -> 18.895593 | H37: % | I37: =+D37*F37/100 -> 1.5570374e+08 | K37: =ROUND((I37+J37)/365*$D$10,0) -> 156130326 | L37: =ROUND((+K37*0.19),0) -> 29664762 | M37: =+K37+L37 -> 185795088
C38: CASCO AVIACIÓN (DRONES) RCE $4,305,000 X DRONE) | D38: =+((441898.63)*33333)*17 -> 2.5040672e+11 | F38: =+'2.TASAS PROMEDIO'!H70 -> 4759832 | I38: =+F38*17 -> 80917144 | K38: =ROUND((I38+J38)/365*$D$10,0) -> 81138835 | L38: =ROUND((+K38*0.19),0) -> 15416379 | M38: =+K38+L38 -> 96555214
C39: REMANENTE (NUEVAS INCLUSIONES) | M39: =(+M37+M38)*10% -> 28235030
C40: TOTAL PROGRAMA DE SEGUROS GRUPO No. 4 | M40: =SUM(M37:M39) -> 3.1058533e+08
B43: GRUPO No. 5 | C43: RAMO | D43: VALOR ASEGURADO | F43: TASA ANUAL | H43: TIPO TASA | I43: SUBTOTAL PRIMA ANUAL | K43: PRIMA PERIODO | L43: IVA | M43: TOTAL
C44: ACCIDENTES PERSONALES (GUARDABOSQUES) | D44: =59000000*100 -> 5900000000 | F44: =+'2.TASAS PROMEDIO'!K79 -> 8.8806853 | H44: %o | I44: =+D44*F44/1000 -> 52396043 | K44: =ROUND((I44+J44)/365*$D$10,0) -> 52539594 | L44: =ROUND((+K44*0.19),0) -> 9982523 | M44: =+K44+L44 -> 62522117
C45: TOTAL PROGRAMA DE SEGUROS GRUPO No. 5 | M45: =SUM(M44:M44) -> 62522117
B47: TOTAL PROGRAMA DE SEGUROS | M47: =+M45+M40+M33+M28+M22 -> 4.6915637e+09

Sheet 6.VIGENCIA 2029
C2: PARQUES NACIONALES NATURALES DE COLOMBIA
C3: ESTUDIO DE MERCADO
C4: CALCULO VALORES APROXIMADOS DE PRIMA VIGENCIA 2026 HASTA 2029
C7: VIGENCIA | D7: GRUPO No. 1 AL 5
C8: DESDE LAS 00:00 HORAS | D8: 47119
C9: HASTA LAS 00:00 HORAS | D9: 47468
C10: DIAS DE COBERTURA | D10: =+D9-D8 -> 349
C11: PRESUPUESTO | D11: =+M47 -> 4.5565264e+09
B13: GRUPO No. 1 | C13: RAMO | D13: VALOR ASEGURADO | E13: VALOR ASEGURADO INDICE VARIABLE | F13: TIPO TASA | G13: TASA ANUAL | H13: TASA IND. VAR. | I13: SUBTOTAL PRIMA ANUAL | J13: PRIMA IND. VAR. ANUAL | K13: PRIMA PERIODO | L13: IVA | M13: TOTAL
C14: TODO RIESGO DAÑOS MATERIALES | D14: =+'7.VRES ASEGURADOS TRDM'!L19 -> 2.0080635e+11 | E14: =+'7.VRES ASEGURADOS TRDM'!M19 -> 6.8625686e+09 | F14: %o | G14: =+'2.TASAS PROMEDIO'!K10 -> 10.301684 | H14: =+G14/2 -> 5.1508421 | I14: =ROUND((+D14*G14/1000),0) -> 2068643587 | J14: =ROUND((+E14*H14/1000),0) -> 35348007 | K14: =ROUND((I14+J14)/365*D10,0) -> 2011761825 | L14: =ROUND((+K14*0.19),0) -> 382234747 | M14: =+K14+L14 -> 2393996572
C15: VALOR FIJO PARA NUEVAS INCLUSIONES POLIZA TODO RIESGO DAÑOS MATERIALES | M15: =+M14*3% -> 71819897
C16: MANEJO GLOBAL ENTIDADES ESTATALES | D16: 800000000 | F16: % | G16: ='2.TASAS PROMEDIO'!K15 -> 19.628939 | H16: N/A | I16: =ROUND((+D16*G16/100),0) -> 157031512 | K16: =ROUND((I16+J16)/365*$D$10,0) -> 150147939 | L16: =ROUND((+K16*0.19),0) -> 28528108 | M16: =+K16+L16 -> 178676047
C17: RESPONSABILIDAD CIVIL EXTRACONTRACTUAL | D17: 6000000000 | F17: % | G17: ='2.TASAS PROMEDIO'!K19 -> 2.7522608 | H17: N/A | I17: =ROUND((+D17*G17/100),0) -> 165135648 | K17: =ROUND((I17+J17)/365*$D$10,0) -> 157896825 | L17: =ROUND((+K17*0.19),0) -> 30000397 | M17: =+K17+L17 -> 187897222
C18: TRANSPORTE DE VALORES | D18: 650000000 | F18: % | G18: ='2.TASAS PROMEDIO'!K24 -> 0.96995123 | H18: N/A | I18: =ROUND((+D18*G18/100),0) -> 6304683 | K18: =ROUND((I18+J18)/365*$D$10,0) -> 6028313 | L18: =ROUND((+K18*0.19),0) -> 1145379 | M18: =+K18+L18 -> 7173692
C19: TRANSPORTE DE MERCANCIAS | D19: 300000000 | F19: % | G19: =+'2.TASAS PROMEDIO'!K29 -> 0.61 | H19: N/A | I19: =ROUND((+D19*G19/100),0) -> 1830000 | K19: =ROUND((I19+J19)/365*$D$10,0) -> 1749781 | L19: =ROUND((+K19*0.19),0) -> 332458 | M19: =+K19+L19 -> 2082239
C20: MAQUINARIA Y EQUIPO | D20: =+'8.VRES ASEGURADOS E&M '!L9 -> 6.0655051e+08 | E20: =+'8.VRES ASEGURADOS E&M '!M9 -> 29081189 | F20: %o | G20: =+'2.TASAS PROMEDIO'!K35 -> 9.247765 | H20: =+G20/2 -> 4.6238825 | I20: =ROUND((+D20*G20/1000),0) -> 5609237 | J20: =ROUND((+E20*H20/1000),0) -> 134468 | K20: =ROUND((I20+J20)/365*$D$10,0) -> 5491926 | L20: =ROUND((+K20*0.19),0) -> 1043466 | M20: =+K20+L20 -> 6535392
C21: CASCO BARCO | D21: =+'9.CASCO BARCO'!I323 -> 7.8860631e+09 | F21: % | G21: =+'2.TASAS PROMEDIO'!K40 -> 4.400412 | H21: N/A | I21: =ROUND((+D21*G21/100),0) -> 347019268 | K21: =ROUND((I21+J21)/365*$D$10,0) -> 331807464 | L21: =ROUND((+K21*0.19),0) -> 63043418 | M21: =+K21+L21 -> 394850882
C22: TOTAL PROGRAMA DE SEGUROS GRUPO NO. 1 | M22: =SUM(M14:M21) -> 3.2430319e+09
B25: GRUPO No. 2 | C25: RAMO | D25: VALOR ASEGURADO | F25: TASA ANUAL | H25: TIPO TASA | I25: SUBTOTAL PRIMA ANUAL | K25: PRIMA PERIODO | L25: IVA | M25: TOTAL
C26: AUTOMOVILES | D26: =+'10.PARQUE AUTOMOR 31-08-26 437'!Q439 -> 17942800000 | F26: % | G26: =+'2.TASAS PROMEDIO'!K50 -> 2.3190202 | H26: N/A | I26: =ROUND((+D26*G26/100),0) -> 416097149 | K26: =ROUND((I26+J26)/365*$D$10,0) -> 397857274 | L26: =ROUND((+K26*0.19),0) -> 75592882 | M26: =+K26+L26 -> 473450156
C27: REMANENTE POR AJUSTE POR CAMBIOS TARIFA FASECOLDA (NUEVAS INCLUSIONES) | M27: =+M26*10% -> 47345016
C28: TOTAL PROGRAMA DE SEGUROS GRUPO No. 2 | M28: =SUM(M26:M27) -> 5.2079517e+08
B31: GRUPO No. 3 | C31: RAMO | D31: VALOR ASEGURADO | F31: TASA ANUAL | H31: TIPO TASA | I31: SUBTOTAL PRIMA ANUAL | K31: PRIMA PERIODO | L31: IVA | M31: TOTAL
C32: RESPONSABILIDAD CIVIL SERVIDORES PUBLICOS | D32: 2600000000 | F32: =+'2.TASAS PROMEDIO'!K60 -> 14.768997 | H32: % | I32: =+D32*F32/100 -> 3.8399391e+08 | K32: =ROUND((I32+J32)/365*$D$10,0) -> 367161304 | L32: =ROUND((+K32*0.19),0) -> 69760648 | M32: =+K32+L32 -> 436921952
C33: TOTAL PROGRAMA DE SEGUROS GRUPO No. 3 | M33: =SUM(M32:M32) -> 436921952
B36: GRUPO No. 4 | C36: RAMO | D36: VALOR ASEGURADO | F36: TASA ANUAL | H36: TIPO TASA | I36: SUBTOTAL PRIMA ANUAL | K36: PRIMA PERIODO | L36: IVA | M36: TOTAL
C37: CASCO AVIACIÓN (DRONES) | D37: =+'11.DRONES'!I23 -> 824021468 | F37: =+'2.TASAS PROMEDIO'!K69 -> 18.895593 | H37: % | I37: =+D37*F37/100 -> 1.5570374e+08 | K37: =ROUND((I37+J37)/365*$D$10,0) -> 148878371 | L37: =ROUND((+K37*0.19),0) -> 28286890 | M37: =+K37+L37 -> 177165261
C38: CASCO AVIACIÓN (DRONES) RCE $4,305,000 X DRONE) | D38: =+((441898.63)*33333)*17 -> 2.5040672e+11 | F38: =+'2.TASAS PROMEDIO'!H70 -> 4759832 | I38: =+F38*17 -> 80917144 | K38: =ROUND((I38+J38)/365*$D$10,0) -> 77370091 | L38: =ROUND((+K38*0.19),0) -> 14700317 | M38: =+K38+L38 -> 92070408
C39: REMANENTE (NUEVAS INCLUSIONES) | M39: =(+M37+M38)*10% -> 26923567
C40: TOTAL PROGRAMA DE SEGUROS GRUPO No. 4 | M40: =SUM(M37:M39) -> 2.9615924e+08
B43: GRUPO No. 5 | C43: RAMO | D43: VALOR ASEGURADO | F43: TASA ANUAL | H43: TIPO TASA | I43: SUBTOTAL PRIMA ANUAL | K43: PRIMA PERIODO | L43: IVA | M43: TOTAL
C44: ACCIDENTES PERSONALES (GUARDABOSQUES) | D44: =59000000*100 -> 5900000000 | F44: =+'2.TASAS PROMEDIO'!K79 -> 8.8806853 | H44: %o | I44: =+D44*F44/1000 -> 52396043 | K44: =ROUND((I44+J44)/365*$D$10,0) -> 50099231 | L44: =ROUND((+K44*0.19),0) -> 9518854 | M44: =+K44+L44 -> 59618085
C45: TOTAL PROGRAMA DE SEGUROS GRUPO No. 5 | M45: =SUM(M44:M44) -> 59618085
B47: TOTAL PROGRAMA DE SEGUROS | M47: =+M45+M40+M33+M28+M22 -> 4.5565264e+09

Sheet 7.VRES ASEGURADOS TRDM
B2: ANEXO No. XX- RELACION BIENES Y VALORES ASEGURADOS TRDM
B4: BIENES ASEGURADOS | C4: VIGENCIA 2026 | F4: VIGENCIA 2027 | I4: VIGENCIA 2028 | L4: VIGENCIA 2029
C5: VALOR ASEGURADO | D5: INDICE VARIABLE 5% | E5: TOTAL | F5: VALOR ASEGURADO | G5: INDICE VARIABLE 5% | H5: TOTAL | I5: VALOR ASEGURADO | J5: INDICE VARIABLE 5% | K5: TOTAL | L5: VALOR ASEGURADO | M5: INDICE VARIABLE 5% | N5: TOTAL
B6: EDIFICIOS (INCLUYE MEJORAS LOCATIVAS) A NIVEL NACIONAL | C6: 8.8479084e+10 | D6: =(+C6*5%)/365*16 -> 1.9392676e+08 | E6: =+C6+D6 -> 8.8673011e+10 | F6: =+E6 -> 8.8673011e+10 | G6: =+F6*5% -> 4.4336506e+09 | H6: =+F6+G6 -> 9.3106662e+10 | I6: =+H6 -> 9.3106662e+10 | J6: =+I6*5% -> 4.6553331e+09 | K6: =+I6+J6 -> 9.7761995e+10 | L6: =+K6 -> 9.7761995e+10 | M6: =(+L6*5%)/365*350 -> 4.6872189e+09 | N6: =+L6+M6 -> 1.0244921e+11
B7: A2. Edificios en Comodato | C7: 3225145441 | D7: =(+C7*5%)/365*16 -> 7068811.9 | E7: =+C7+D7 -> 3.2322143e+09 | F7: =+E7 -> 3.2322143e+09 | G7: =+F7*5% -> 1.6161071e+08 | H7: =+F7+G7 -> 3.393825e+09 | I7: =+H7 -> 3.393825e+09 | J7: =+I7*5% -> 1.6969125e+08 | K7: =+I7+J7 -> 3.5635162e+09 | L7: =+K7 -> 3.5635162e+09 | M7: =(+L7*5%)/365*350 -> 1.7085352e+08 | N7: =+L7+M7 -> 3.7343697e+09
B8: TOTAL EDIFICIOS | C8: =SUM(C6:C7) -> 9.170423e+10 | D8: =SUM(D6:D7) -> 2.0099557e+08 | E8: =SUM(E6:E7) -> 9.1905225e+10 | F8: =SUM(F6:F7) -> 9.1905225e+10 | G8: =SUM(G6:G7) -> 4.5952613e+09 | H8: =SUM(H6:H7) -> 9.6500487e+10 | I8: =SUM(I6:I7) -> 9.6500487e+10 | J8: =SUM(J6:J7) -> 4.8250243e+09 | ... N8: =SUM(N6:N7) -> 1.0618358e+11
B9: CONTENIDOS, MUEBLES Y ENSERES | C9: 4.1892847e+09 | E9: =+C9+D9 -> 4.1892847e+09 | F9: 4.1892847e+09 | H9: =+F9+G9 -> 4.1892847e+09 | I9: 4.1892847e+09 | K9: =+I9+J9 -> 4.1892847e+09 | L9: 4.1892847e+09 | N9: =+L9+M9 -> 4.1892847e+09
B10: EQUIPO ELECTRICO Y ELECTRONICO Y DE COMUNICACIÓN (Incluido equipos móviles y portátiltes, software, licencias, cámaras, antenas, paneles solares, etc) | C10: 3.7838212e+10 | D10: =(+C10*5%)/365*16 -> 82933066 | E10: =+C10+D10 -> 3.7921145e+10 | F10: =+E10 -> 3.7921145e+10 | G10: =+F10*5% -> 1.8960572e+09 | H10: =+F10+G10 -> 3.9817202e+10 | I10: =+H10 -> 3.9817202e+10 | J10: =+I10*5% -> 1.9908601e+09 | K10: =+I10+J10 -> 4.1808062e+10 | L10: =+K10 -> 4.1808062e+10 | M10: =(+L10*5%)/365*350 -> 2.0044961e+09 | N10: =+L10+M10 -> 4.3812558e+10
B11: EQUIPO Y MAQUINARIA | C11: 7.9447714e+09 | E11: =+C11+D11 -> 7.9447714e+09 | F11: 7.9447714e+09 | H11: =+F11+G11 -> 7.9447714e+09 | I11: 7.9447714e+09 | K11: =+I11+J11 -> 7.9447714e+09 | L11: 7.9447714e+09 | N11: =+L11+M11 -> 7.9447714e+09
B12: SEMOVIENTES | C12: 1.152605e+08 | E12: =+C12+D12 -> 1.152605e+08 | F12: 1.152605e+08 | H12: =+F12+G12 -> 1.152605e+08 | I12: 1.152605e+08 | K12: =+I12+J12 -> 1.152605e+08 | L12: 1.152605e+08 | N12: =+L12+M12 -> 1.152605e+08
B13: DINEROS Y TITULOS VALORES (DENTRO Y FUERA DE CAJA FUERTE) | C13: 700000000 | E13: =+C13+D13 -> 700000000 | F13: 700000000 | H13: =+F13+G13 -> 700000000 | I13: 700000000 | K13: =+I13+J13 -> 700000000 | L13: 700000000 | N13: =+L13+M13 -> 700000000
B14: MERCANCIAS (BIENES DE CONSUMO: Papelería, Aseo, entre otros) | C14: 500000000 | E14: =+C14+D14 -> 500000000 | F14: 500000000 | H14: =+F14+G14 -> 500000000 | I14: 500000000 | K14: =+I14+J14 -> 500000000 | L14: 500000000 | N14: =+L14+M14 -> 500000000
B15: BIENES EN REPOSO | C15: 1.2882612e+10 | E15: =+C15+D15 -> 1.2882612e+10 | F15: 1.2882612e+10 | H15: =+F15+G15 -> 1.2882612e+10 | I15: 1.2882612e+10 | K15: =+I15+J15 -> 1.2882612e+10 | L15: 1.2882612e+10 | N15: =+L15+M15 -> 1.2882612e+10
B16: ADECUACION DE CONSTRUCCIONES A LAS NORMAS SISMORESISTENTES | C16: 9.170423e+09 | E16: =+C16+D16 -> 9.170423e+09 | F16: 9.170423e+09 | H16: =+F16+G16 -> 9.170423e+09 | I16: 9.170423e+09 | K16: =+I16+J16 -> 9.170423e+09 | L16: 9.170423e+09 | N16: =+L16+M16 -> 9.170423e+09
B17: COBERTURA PARA TERRENOS | C17: 9.170423e+09 | E17: =+C17+D17 -> 9.170423e+09 | F17: 9.170423e+09 | H17: =+F17+G17 -> 9.170423e+09 | I17: 9.170423e+09 | K17: =+I17+J17 -> 9.170423e+09 | L17: 9.170423e+09 | N17: =+L17+M17 -> 9.170423e+09
B18: GASTOS ADICIONALES | C18: 13000000000 | E18: =+C18+D18 -> 13000000000 | F18: 13000000000 | H18: =+F18+G18 -> 13000000000 | I18: 13000000000 | K18: =+I18+J18 -> 13000000000 | L18: 13000000000 | N18: =+L18+M18 -> 13000000000
B19: TOTAL TRDM | C19: =SUM(C8:C18) -> 1.8721522e+11 | D19: =SUM(D8:D18) -> 2.8392864e+08 | E19: =SUM(E8:E18) -> 1.8749914e+11 | F19: =SUM(F8:F18) -> 1.8749914e+11 | G19: =SUM(G8:G18) -> 6.4913185e+09 | H19: =SUM(H8:H18) -> 1.9399046e+11 | I19: =SUM(I8:I18) -> 1.9399046e+11 | J19: =SUM(J8:J18) -> 6.8158844e+09 | ... N19: =SUM(N8:N18) -> 2.0766892e+11

Sheet 8.VRES ASEGURADOS E&M 
B2: ANEXO No. XX- RELACION BIENES Y VALORES ASEGURADOS TR EQUIPO Y MAQUINARIA
B4: BIENES ASEGURADOS | C4: VIGENCIA 2026 | F4: VIGENCIA 2027 | I4: VIGENCIA 2028 | L4: VIGENCIA 2029
C5: VALOR ASEGURADO | D5: INDICE VARIABLE 5% | E5: TOTAL | F5: VALOR ASEGURADO | G5: INDICE VARIABLE 5% | H5: TOTAL | I5: VALOR ASEGURADO | J5: INDICE VARIABLE 5% | K5: TOTAL | L5: VALOR ASEGURADO | M5: INDICE VARIABLE 5% | N5: TOTAL
B6: TRACTOR MARCA NEW HOLLAND TT.75 75Hp 12X3 PLATAFORMADO 4WD BRASIL MOD 2022 COLOR AZUL SERIE TSD8R500003 CHASIS HCCZTT75TNCN46312 MOTOR 8035.45.741-366419 No.REGISTRO MA752140 TIPO AGRICOLA. MODELO 2025 - SEDE DIR. TERRITORIAL ORINOQUIA | C6: 199000000 | D6: =(+C6*5%)/365*16 -> 436164.38 | E6: =+C6+D6 -> 1.9943616e+08 | F6: =+E6 -> 1.9943616e+08 | G6: =+F6*5% -> 9971808.2 | H6: =+F6+G6 -> 2.0940797e+08 | I6: =+H6 -> 2.0940797e+08 | J6: =+I6*5% -> 10470399 | K6: =+I6+J6 -> 2.1987837e+08 | L6: =+K6 -> 2.1987837e+08 | M6: =(+L6*5%)/365*350 -> 10542114 | N6: =+L6+M6 -> 2.3042048e+08
B7: TRACTOR MARCA NEW HOLLAND TT.75 75Hp 12X3 PLATAFORMADO 4WD BRASIL MOD 2022 COLOR AZUL SERIE TSD8R500207 CHASIS HCCZTT75ENCN50566 MOTOR 8035,45,741-378002 No.REGISTRO MA752143 TIPO AGRICOLA MODELO 2025 - DIR. TERRITORIAL ORINOQUIA | C7: 199000000 | D7: =(+C7*5%)/365*16 -> 436164.38 | E7: =+C7+D7 -> 1.9943616e+08 | F7: =+E7 -> 1.9943616e+08 | G7: =+F7*5% -> 9971808.2 | H7: =+F7+G7 -> 2.0940797e+08 | I7: =+H7 -> 2.0940797e+08 | J7: =+I7*5% -> 10470399 | K7: =+I7+J7 -> 2.1987837e+08 | L7: =+K7 -> 2.1987837e+08 | M7: =(+L7*5%)/365*350 -> 10542114 | N7: =+L7+M7 -> 2.3042048e+08
B8: TRACTOR AGRICOLA MARCA KUBOTA M7040 DT - MODELO 2024 DIR. TERRITORIAL PACÍFICO | C8: 150956000 | D8: =(+C8*5%)/365*16 -> 330862.47 | E8: =+C8+D8 -> 1.5128686e+08 | F8: =+E8 -> 1.5128686e+08 | G8: =+F8*5% -> 7564343.1 | H8: =+F8+G8 -> 1.5885121e+08 | I8: =+H8 -> 1.5885121e+08 | J8: =+I8*5% -> 7942560.3 | K8: =+I8+J8 -> 1.6679377e+08 | L8: =+K8 -> 1.6679377e+08 | M8: =(+L8*5%)/365*350 -> 7996961.4 | N8: =+L8+M8 -> 1.7479073e+08
B9: TOTAL TRDM | C9: =SUM(C6:C8) -> 548956000 | D9: =SUM(D6:D8) -> 1203191.2 | E9: =SUM(E6:E8) -> 5.5015919e+08 | F9: =SUM(F6:F8) -> 5.5015919e+08 | G9: =SUM(G6:G8) -> 27507960 | H9: =SUM(H6:H8) -> 5.7766715e+08 | I9: =SUM(I6:I8) -> 5.7766715e+08 | J9: =SUM(J6:J8) -> 28883358 | ... N9: =SUM(N6:N8) -> 6.356317e+08

Sheet 9.CASCO BARCO
B4: ITEM | C4: SEDE | D4: DEPENDENCIA/GRUPO/AP | E4: CATEGORIA | F4: PLACA | G4: CARACTERISTICA | H4: FECHA ADQUISICIÓN | I4: VALOR A DEPRECIAR | J4: CLASIFICACIÓN | K4: NOTA
B5: 1 | C5: DIR TERRITORIAL CARIBE PARQUES | D5: TAYRONA | E5: 201330 | F5: 77074 | G5: EMBARCACION DE 22 PIES EN PRV CAPACIDAD 8 PERSONAS | H5: 45272 | I5: 29870001 | J5: PROPIO Y EN SERVICIO | K5: ASEGURAR
B6: 2 | C6: DIR TERRITORIAL CARIBE PARQUES | D6: TAYRONA | E6: 201330 | F6: 76984 | G6: Jet SkitRotax con casco en Polypec con plataforma ligera | H6: 45170 | I6: 95990000 | J6: PROPIO Y EN SERVICIO | K6: ASEGURAR
B7: 3 | C7: DIR TERRITORIAL CARIBE PARQUES | D7: TAYRONA | E7: 201330 | F7: 77079 | G7: MOTOR F/B 15HP - 2 TIEMPOS - PATA LARGA | H7: 45272 | I7: 16228000 | J7: PROPIO Y EN SERVICIO | K7: ASEGURAR
B8: 4 | C8: DIR. TERRITORIAL ORINOQUIA PARQUES | D8: EL TUPARRO | E8: 201330 | F8: 39991 | G8: BONGO METALICO (MOTOCANOA), ESLORA 12,0 MTS, MANGA 1,64 MTS, PUNTAL COSTADO 0,52MTS, CON SUPERESTRUCTURA TECHO DE 3 CAMAR DE SEGURIDAD Y REFUERZOS LONGITUDINAL Y TRANSVERSAL, MATERIAL LAMINA DE 2,5MM | H8: 41536 | I8: 6786000 | J8: PROPIO Y EN SERVICIO | K8: ASEGURAR
B9: 5 | C9: DIR. TERRITORIAL PACÍFICO PARQUES | D9: GORGONA | E9: 201330 | F9: 58508 | G9: Bote Pesqquero 22 pies 225 en fibra de vidrio SULA | H9: 41611 | I9: 16775920 | J9: PROPIO Y EN SERVICIO | K9: ASEGURAR
B10: 6 | C10: DIR TERRITORIAL CARIBE PARQUES | D10: CIÉNAGA GRANDE DE SANTA MARTA | E10: 201330 | F10: 28686 | G10: Bote taxi en fibra de vidrio, de 120; Ref. E12A08, Serie No. FMF08B130D3762. | H10: 28686 | I10: 5365000 | J10: PROPIO Y EN SERVICIO | K10: ASEGURAR
B11: 7 | C11: DIR. TERRITORIAL AMAZONIA PARQUES | D11: SERRANÍA DE CHIRIBIQUETE | E11: 201330 | F11: 22042 | G11: BOTE 150cc EN FIBRA DE VIDRIO CON ACCESORIOS, COLOR BLANCO, REFERENCIA E15ACB, SERIE No FME74A13G3763 | H11: 41516 | I11: 11439920 | J11: PROPIO Y EN SERVICIO | K11: ASEGURAR
B12: 8 | C12: DIR. TERRITORIAL PACÍFICO PARQUES | D12: DNMI CABO MANGLARES BAJO MIRA Y FRONTERA | E12: 201330 | F12: 58512 | G12: Bote 180C en fibra de vidrio (LA YUBARTA 1) Matrícula: CP01-2739-A. | H12: 41611 | I12: 12998960 | J12: PROPIO Y EN SERVICIO | K12: ASEGURAR
B13: 9 | C13: DIR. TERRITORIAL PACÍFICO PARQUES | D13: UTRIA | E13: 201330 | F13: 58511 | G13: Bote 180C en fibra de vidrio YUBARTA Matricula CP-10-0727-B | H13: 41611 | I13: 15923320 | J13: PROPIO Y EN SERVICIO | K13: ASEGURAR
B14: 10 | C14: DIR. TERRITORIAL PACÍFICO PARQUES | D14: FARALLONES DE CALI | E14: 201330 | F14: 58510 | G14: Bote 230C en fibra de vidrio LA MINGA. Matrícula CP01-2740-A | H14: 41611 | I14: 15923320 | J14: PROPIO Y EN SERVICIO | K14: ASEGURAR
B15: 11 | C15: DIR. TERRITORIAL PACÍFICO PARQUES | D15: GORGONA | E15: 201330 | F15: 53870 | G15: BOTE 26 PIES CON ACCESORIOS. | H15: 43531 | I15: 22962713 | J15: PROPIO Y EN SERVICIO | K15: ASEGURAR
B16: 12 | C16: DIR. TERRITORIAL PACÍFICO PARQUES | D16: GORGONA | E16: 201330 | F16: 67159 | G16: BOTE 26 PIES SLORA 7.95 MANGA 2.15 PUNTAL 1. NIC MSB85A18B3762 | H16: 43830 | I16: 27370000 | J16: PROPIO Y EN SERVICIO | K16: ASEGURAR
... B322: 318 | C322: DIR. TERRITORIAL AMAZONIA PARQUES | D322: LA PAYA | E322: 201330 | F322: 21113 | G322: Un (1) motor fuera de borda Yamaha de origen japonés, 40hp, 2 tiempos pata corta. SERIE 6F6K S 1042336H | H322: 39884 | I322: 9260000 | J322: PROPIO Y EN SERVICIO | K322: ASEGURAR
H323: TOTAL | I323: =SUM(I5:I322) -> 7.8860631e+09

Sheet 10.PARQUE AUTOMOR 31-08-26 437
A1: No. | B1: Placa | C1: Marca | D1: CLASE | E1: TIPO | F1: Cilindraje | G1: MODELO | H1: No de motor | I1: No. De chasis | J1: No. De Póliza SOAT | K1: Fecha de Inicio (Desde las 00Horas) | L1: Fecha Vencimiento (Hasta las 24Horas) | M1: SERVICIO | N1: dirección territorial | O1: ÁREA PROTEGIDA | P1: CODIGO FASECOLDA | Q1: FASECOLDA 362
A2: 1 | B2: CIR70G | C2: YAMAHA | D2: MOTOCICLETA | F2: 149 | G2: 2023 | H2: G3E9E0137342 | I2: 9FKRG2174P2137342 | J2: 15681500018920 | K2: 46392 | L2: 46756 | M2: OFICIAL | N2: DTPA | O2: URAMBA BAHÍA MALAGA | P2: 09857072 | Q2: 9800000
A3: =+A2+1 -> 2 | B3: JYP729 | C3: CHEVROLET | D3: CAMIONETA | F3: 2776 | G3: 2023 | H3: LWNF222211105 | I3: 9BG148PK0PC418533 | J3: 15681500018930 | K3: 46392 | L3: 46756 | M3: OFICIAL | N3: DTAO | O3: TATAMA | P3: 01642042 | Q3: 142700000
A4: =+A3+1 -> 3 | B4: OKZ055 | C4: CHEVROLET | D4: CAMIONETA | F4: 2776 | G4: 2023 | H4: LWNF222371114 | I4: 9BG148MK0PC421595 | J4: 15681500018940 | K4: 46392 | L4: 46756 | M4: OFICIAL | N4: DTPA | O4: PNN FARALLONES DE CALI | P4: 01646023 | Q4: 126200000
A5: =+A4+1 -> 4 | B5: OKZ056 | C5: CHEVROLET | D5: CAMIONETA | F5: 2776 | G5: 2023 | H5: LWNF222371100 | I5: 9BG148MK0PC421447 | J5: 15681500018950 | K5: 46392 | L5: 46756 | M5: OFICIAL | N5: DTPA | O5: PNN FARALLONES DE CALI | P5: 01646023 | Q5: 126200000
A6: =+A5+1 -> 5 | B6: OKZ057 | C6: CHEVROLET | D6: CAMIONETA | F6: 2776 | G6: 2023 | H6: LWNF222371103 | I6: 9BG148MK0PC421450 | J6: 15681500018960 | K6: 46392 | L6: 46756 | M6: OFICIAL | N6: DTPA | O6: PNN FARALLONES DE CALI | P6: 01646023 | Q6: 126200000
A7: =+A6+1 -> 6 | B7: VWB65F | C7: YAMAHA | D7: MOTOCICLETA | F7: 249 | G7: 2023 | H7: G3F2E032431 | I7: 9FKDG2829P2032431 | J7: 15681500018970 | K7: 46392 | L7: 46756 | M7: OFICIAL | N7: DTAO | O7: LAS HERMOSAS | P7: 09854042 | Q7: 20500000
A8: =+A7+1 -> 7 | B8: VWB66F | C8: YAMAHA | D8: MOTOCICLETA | F8: 249 | G8: 2023 | H8: G3F2E032232 | I8: 9FKDG2823P2032232 | J8: 15681500018980 | K8: 46392 | L8: 46756 | M8: OFICIAL | N8: DTAO | O8: COMPLEJO VOLCÁNICO DOÑA JUANA | P8: 09854042 | Q8: 20500000
A9: =+A8+1 -> 8 | B9: FMU14G | C9: HONDA | D9: MOTOCICLETA | F9: 184 | G9: 2023 | H9: MD42E0P000148 | I9: 9C2MD4200PR000126 | J9: 15681500018990 | K9: 46392 | L9: 46756 | M9: OFICIAL | N9: DTPA | O9: PNN FARALLONES DE CALI | P9: 03454037 | Q9: 14300000
A10: =+A9+1 -> 9 | B10: FMU15G | C10: HONDA | D10: MOTOCICLETA | F10: 184 | G10: 2023 | H10: MD42E0P000671 | I10: 9C2MD4200PR000645 | J10: 15681500019000 | K10: 46392 | L10: 46756 | M10: OFICIAL | N10: DTPA | O10: PNN FARALLONES DE CALI | P10: 03454037 | Q10: 14300000
A11: =+A10+1 -> 10 | B11: FMU16G | C11: HONDA | D11: MOTOCICLETA | F11: 184 | G11: 2023 | H11: MD42E0P000818 | I11: 9C2MD4200PR000881 | J11: 15681500019010 | K11: 46392 | L11: 46756 | M11: OFICIAL | N11: DTPA | O11: PNN FARALLONES DE CALI | P11: 03454037 | Q11: 14300000
A12: =+A11+1 -> 11 | B12: FMU17G | C12: HONDA | D12: MOTOCICLETA | F12: 184 | G12: 2023 | H12: MD42E0P001427 | I12: 9C2MD4200PR001411 | J12: 15681500019020 | K12: 46392 | L12: 46756 | M12: OFICIAL | N12: DTPA | O12: PNN FARALLONES DE CALI | P12: 03454037 | Q12: 14300000
A13: =+A12+1 -> 12 | B13: VWB87F | C13: YAMAHA | D13: MOTOCICLETA | F13: 249 | G13: 2024 | H13: GEF2E036765 | I13: 9FKDG2848R2036765 | J13: 15681500019030 | K13: 46397 | L13: 46761.999 | M13: OFICIAL | N13: DTAO | O13: SELVAS DE FLORENCIA | P13: 09854042 | Q13: 22500000
A14: =+A13+1 -> 13 | B14: VWB88F | C14: YAMAHA | D14: MOTOCICLETA | F14: 249 | G14: 2024 | H14: GEF2E036786 | I14: 9FKDG2845R2036786 | J14: 15681500019040 | K14: 46397 | L14: 46761.999 | M14: OFICIAL | N14: DTAO | O14: LAS HERMOSAS | P14: 09854042 | Q14: 22500000
... A65: =+A64+1 -> 64 | B65: OJY112 | C65: TOYOTA | D65: CAMIONETA | F65: 2494 | G65: 2015 | H65: 2KD-U714056 | I65: 8AJFR22G8F4578661 | J65: 15681500018730 | K65: 46416 | L65: 46780.999 | M65: OFICIAL | N65: DTAM | O65: NUKAK | P65: 09042035 | Q65: 119300000
A66: =+A65+1 -> 65 | B66: OKZ216 | C66: CHEVROLET | D66: CAMIONETA | F66: 2500 | G66: 2016 | H66: NK4796 | I66: 8LBETF3W8G0383020 | J66: 15681500018740 | K66: 46416 | L66: 46780.999 | M66: OFICIAL | N66: DTAN | O66: CATATUMBO BARI | P66: 01642032 | Q66: 88400000
A67: =+A66+1 -> 66 | B67: OQE791 | C67: CHEVROLET | D67: CAMIONETA | F67: 2500 | G67: 2015 | H67: ME4269 | I67: 8LBETF3W9F0280431 | J67: 15681500019140 | K67: 46416 | L67: 46780.999 | M67: OFICIAL | N67: DTCA | O67: BAHÍA PORTETE KAURRELE | P67: 01642030 | Q67: 84500000
A68: =+A67+1 -> 67 | B68: OQE796 | C68: NISSAN | D68: CAMIONETA | F68: 2488 | G68: 2016 | H68: YD25-626427P | I68: 3N6CD33B3ZK351505 | J68: 15681500019180 | K68: 46416 | L68: 46780.999 | M68: OFICIAL | N68: DTCA | O68: CORALES DE PROFUNDIDAD | P68: 06442052 | Q68: 92400000
A69: =+A68+1 -> 68 | B69: OQQ98F | C69: YAMAHA | D69: MOTOCICLETA | F69: 124 | G69: 2021 | H69: E3Y2E052596 | I69: 9FKDE0923M2052596 | J69: 15681500019190 | K69: 46416 | L69: 46780.999 | M69: OFICIAL | N69: DTAM | O69: SERRANÍA DE CHIRIBIQUETE | P69: 09854031 | Q69: 7000000
A70: =+A69+1 -> 69 | B70: OQQ99F | C70: YAMAHA | D70: MOTOCICLETA | F70: 124 | G70: 2021 | H70: E3Y2E052545 | I70: 9FKDE0928M2052545 | J70: 15681500019220 | K70: 46416 | L70: 46780.999 | M70: OFICIAL | N70: DTAM | O70: SERRANÍA DE CHIRIBIQUETE | P70: 09854031 | Q70: 7000000
A71: =+A70+1 -> 70 | B71: PGO86F | C71: YAMAHA | D71: MOTOCICLETA | F71: 124 | G71: 2020 | H71: E3Y2E045584 | I71: 9FKDE0927L2045584 | J71: 15681500019240 | K71: 46416 | L71: 46780.999 | M71: PARTICULAR | N71: DTCA | O71: ISLA DE SALAMANCA | P71: 09854031 | Q71: 6800000
A72: =+A71+1 -> 71 | B72: SDR80E | C72: YAMAHA | D72: MOTOCICLETA | F72: 249 | G72: 2018 | H72: G3F2E007428 | I72: 9FKDG2817J2007428 | J72: 15681500019250 | K72: 46416 | L72: 46780.999 | M72: OFICIAL | N72: DTCA | O72: LOS COLORADOS | P72: 09854019 | Q72: 15400000
A73: =+A72+1 -> 72 | B73: SDR82E | C73: YAMAHA | D73: MOTOCICLETA | F73: 249 | G73: 2018 | H73: G3F2E007368 | I73: 9FKDG2814J2007368 | J73: 15681500019260 | K73: 46416 | L73: 46780.999 | M73: OFICIAL | N73: DTCA | O73: LOS COLORADOS | P73: 09854019 | Q73: 15400000
A74: =+A73+1 -> 73 | B74: SDR88E | C74: YAMAHA | D74: MOTOCICLETA | F74: 249 | G74: 2018 | H74: G3F2E007360 | I74: 9FKDG281XJ2007360 | J74: 15681500019440 | K74: 46416 | L74: 46780.999 | M74: OFICIAL | N74: DTPA | O74: LOS KATIOS | P74: 09854019 | Q74: 15400000
A75: =+A74+1 -> 74 | B75: WEA42C | C75: YAMAHA | D75: MOTOCICLETA | F75: 124 | G75: 2013 | H75: E3B4E010115 | I75: 9FK3B2110D2010115 | J75: 15681500019450 | K75: 46416 | L75: 46780.999 | M75: OFICIAL | N75: DTOR | O75: DNMI CINARUCO | P75: 09854014 | Q75: 5800000
A76: =+A75+1 -> 75 | B76: WEA43C | C76: YAMAHA | D76: MOTOCICLETA | F76: 124 | G76: 2013 | H76: E3B4E010113 | I76: 9FK3B2117D2010113 | J76: 15681500019460 | K76: 46416 | L76: 46780.999 | M76: OFICIAL | N76: DTOR | O76: EL TUPARRO | P76: 09854014 | Q76: 5800000
A77: =+A76+1 -> 76 | B77: WEA45C | C77: YAMAHA | D77: MOTOCICLETA | F77: 124 | G77: 2013 | H77: E3B4E010111 | I77: 9FK3B2113D2010111 | J77: 15681500019470 | K77: 46416 | L77: 46780.999 | M77: OFICIAL | N77: DTOR | O77: DNMI CINARUCO | P77: 09854014 | Q77: 5800000
A78: =+A77+1 -> 77 | B78: WEA46C | C78: YAMAHA | D78: MOTOCICLETA | F78: 124 | G78: 2013 | H78: E3B4E010110 | I78: 9FK3B2111D2010110 | J78: 15681500019480 | K78: 46416 | L78: 46780.999 | M78: OFICIAL | N78: DTAO | O78: LAS HERMOSAS | P78: 09854014 | Q78: 5800000
A79: =+A78+1 -> 78 | B79: WEA47C | C79: YAMAHA | D79: MOTOCICLETA | F79: 124 | G79: 2013 | H79: E3B4E010109 | I79: 9FK3B2115D2010109 | J79: 15681500019490 | K79: 46051 | L79: 46415.999 | M79: OFICIAL | N79: DTOR | O79: SUMAPAZ | P79: 09854014 | Q79: 5800000
A80: =+A79+1 -> 79 | B80: WEA48C | C80: YAMAHA | D80: MOTOCICLETA | F80: 124 | G80: 2013 | H80: E3B4E010107 | I80: 9FK3B2111D2010107 | J80: 15681500019500 | K80: 46416 | L80: 46780.999 | M80: OFICIAL | N80: DTOR | O80: SUMAPAZ | P80: 09854014 | Q80: 5800000
A81: =+A80+1 -> 80 | B81: WEA49C | C81: YAMAHA | D81: MOTOCICLETA | F81: 124 | G81: 2013 | H81: E3B4E010105 | I81: 9FK3B2118D2010105 | J81: 15681500019510 | K81: 46416 | L81: 46780.999 | M81: OFICIAL | N81: DTOR | O81: SUMAPAZ | P81: 09854014 | Q81: 5800000
A82: =+A81+1 -> 81 | B82: WEA54C | C82: YAMAHA | D82: MOTOCICLETA | F82: 124 | G82: 2013 | H82: E3B4E010139 | I82: 9FK3B2113D2010139 | J82: 15681500019520 | K82: 46416 | L82: 46780.999 | M82: OFICIAL | N82: DTOR | O82: TINIGUA | P82: 09854014 | Q82: 5800000
A83: =+A82+1 -> 82 | B83: WEA59C | C83: YAMAHA | D83: MOTOCICLETA | F83: 124 | G83: 2013 | H83: E3B4E010143 | I83: 9FK3B2115D2010143 | J83: 15681500019550 | K83: 46416 | L83: 46780.999 | M83: OFICIAL | N83: DTOR | O83: EL TUPARRO | P83: 09854014 | Q83: 5800000
A84: =+A83+1 -> 83 | B84: WEA60C | C84: YAMAHA | D84: MOTOCICLETA | F84: 124 | G84: 2013 | H84: E3B4E010145 | I84: 9FK3B2119D2010145 | J84: 15681500019560 | K84: 46416 | L84: 46780.999 | M84: OFICIAL | N84: DTOR | O84: SIERRA DE LA MACARENA | P84: 09854014 | Q84: 5800000
... A86: =+A85+1 -> 85 | B86: YCZ35D | C86: YAMAHA | D86: MOTOCICLETA | F86: 125 | G86: 2015 | H86: E3M2E104027 | I86: 9FKKE2013F2104027 | J86: 15681500019580 | K86: 46416 | L86: 46780.999 | M86: OFICIAL | N86: DTAO | O86: DIRECCION TERRITORIAL | P86: 09854019 | Q86: 12300000
A87: =+A86+1 -> 86 | B87: LIT162 | C87: TOYOTA | D87: CAMIONETA | E87: HILUX - DOBLECABINA | F87: 2393 | G87: 2023 | H87: 2GD-G424933 | I87: 8AJKB3CD7P1660431 | J87: 15681500019690 | K87: 46417 | L87: 46781.999 | M87: OFICIAL | N87: DTCA | O87: PARAMILLO | P87: 09042066 | Q87: 186400000
A88: =+A87+1 -> 87 | B88: LIT177 | C88: TOYOTA | D88: CAMIONETA | E88: HILUX - DOBLECABINA | F88: 2393 | G88: 2023 | H88: 2GD-G428377 | I88: 8AJKB3CD8P1660700 | J88: 15681500019700 | K88: 46417 | L88: 46781.999 | M88: OFICIAL | N88: DTCA | O88: PARAMILLO | P88: 09042066 | Q88: 186400000
A89: =+A88+1 -> 88 | B89: LIT178 | C89: TOYOTA | D89: CAMIONETA | E89: HILUX - DOBLECABINA | F89: 2393 | G89: 2023 | H89: 2GD-G415062 | I89: 8AJKB3CD3P1659101 | J89: 15681500019600 | K89: 46417 | L89: 46781.999 | M89: OFICIAL | N89: DTCA | O89: PARAMILLO | P89: 09042066 | Q89: 186400000
A90: =+A89+1 -> 89 | B90: ODR253 | C90: FORD | D90: CAMPERO | F90: 1999 | G90: 2014 | H90: EUA33398 | I90: 1FMCU9G91EUA33398 | J90: 15681500019610 | K90: 46417 | L90: 46781.999 | M90: OFICIAL | N90: DTAO | O90: DIRECCION TERRITORIAL | P90: 03036055 | Q90: 49500000
A91: =+A90+1 -> 90 | B91: OVE344 | C91: CHEVROLET | D91: CAMIONETA | F91: 2999 | G91: 2011 | H91: 893941 | I91: 8LBETF3E1B0056720 | J91: 15681500019620 | K91: 46417 | L91: 46781.999 | M91: OFICIAL | N91: DTAO | O91: ISLA DE LA COROTA | P91: 01642023 | Q91: 75500000
A92: =+A91+1 -> 91 | B92: OMZ152 | C92: TOYOTA | D92: CAMIONETA | F92: 2393 | G92: 2023 | H92: 2GD-G427395 | I92: 8AJKB3CD8P1661135 | J92: 15681500019630 | K92: 46419 | L92: 46783.999 | M92: OFICIAL | N92: DTAO | O92: LAS HERMOSAS | P92: 09042066 | Q92: 186400000
A93: =+A92+1 -> 92 | B93: OMZ153 | C93: TOYOTA | D93: CAMIONETA | F93: 2400 | G93: 2023 | H93: 2GD-D114588 | I93: 8AJKB3CD3P1654870 | J93: 15681500019640 | K93: 46419 | L93: 46783.999 | M93: OFICIAL | N93: DTAO | O93: CUEVA DE LOS GUACHAROS | P93: 09042066 | Q93: 186400000
A94: =+A93+1 -> 93 | B94: EZE28C | C94: YAMAHA | D94: MOTOCICLETA | F94: 124 | G94: 2013 | H94: E3B4E010155 | I94: 9FK3B2111D2010155 | J94: 7.0080043e+15 | K94: 46055 | L94: 46419.999 | M94: OFICIAL | N94: DTAM | O94: PUINAWAI | P94: 09854014 | Q94: 5800000
A95: =+A94+1 -> 94 | B95: OQF658 | C95: VOLKSWAGEN | D95: CAMPERO | F95: 1984 | G95: 2015 | H95: CCZ455660 | I95: WVGZZZ5NZFW526215 | J95: 7.0080043e+15 | K95: 46055 | L95: 46419.999 | M95: OFICIAL | N95: NC | O95: SAF/GRUPO DE PROCESOS CORPORATIVOS | P95: 09242007 | Q95: 78800000
A96: =+A95+1 -> 95 | B96: CQA56 | C96: YAMAHA | D96: MOTOCICLETA | F96: 124 | G96: 2013 | H96: E3B4E010184 | I96: 9FK3B2118D2010184 | J96: 7.0080043e+15 | K96: 46057 | L96: 46421.999 | M96: OFICIAL | N96: DTAO | O96: TATAMA | P96: 09854014 | Q96: 5800000
A97: =+A96+1 -> 96 | B97: HEU10D | C97: HONDA | D97: MOTOCICLETA | F97: 249 | G97: 2015 | H97: MD34E-E750466 | I97: 9FMMD3428FF000394 | J97: 7.0080043e+15 | K97: 46058 | L97: 46422.999 | M97: PARTICULAR | N97: DTCA | O97: LOS FLAMENCOS | P97: 03454003 | Q97: 7800000
A98: =+A97+1 -> 97 | B98: BUF85D | C98: YAMAHA | D98: MOTOCICLETA | F98: 124 | G98: 2013 | H98: E3B4E010126 | I98: 9FK3B2115D2010126 | J98: 7.0080043e+15 | K98: 46059 | L98: 46423.999 | M98: OFICIAL | N98: DTAM | O98: AMACAYACU | P98: 09854014 | Q98: 5800000
A99: =+A98+1 -> 98 | B99: BUF86D | C99: YAMAHA | D99: MOTOCICLETA | F99: 124 | G99: 2013 | H99: E3B4E010123 | I99: 9FK3B211XD2010123 | J99: 7.0080043e+15 | K99: 46059 | L99: 46423.999 | M99: OFICIAL | N99: DTAM | O99: AMACAYACU | P99: 09854014 | Q99: 5800000
A100: =+A99+1 -> 99 | B100: ZZU50C | C100: YAMAHA | D100: MOTOCICLETA | F100: 124 | G100: 2013 | H100: E3B4E010171 | I100: 9FK3B211XD2010171 | J100: 7.0080043e+15 | K100: 46059 | L100: 46423.999 | M100: OFICIAL | N100: DTAM | O100: ALTO FRAGUA | P100: 09854014 | Q100: 5800000
A101: =+A100+1 -> 100 | B101: OUC269 | C101: FORD | D101: CAMIONETA | F101: 3198 | G101: 2017 | H101: SA2PHJ468931 | I101: 8AFAR23L3HJ468931 | J101: 7.0080043e+15 | K101: 46061 | L101: 46425.999 | M101: OFICIAL | N101: DTAO | O101: PNN LOS NEVADOS | P101: 03042051 | Q101: 95600000
A102: =+A101+1 -> 101 | B102: CHG96E | C102: AKT | D102: MOTOCICLETA | F102: 181 | G102: 2017 | H102: 163FMKPQ243074 | I102: 9F2A81808H5003689 | J102: 7.0080043e+15 | K102: 46062 | L102: 46426.999 | M102: PARTICULAR | N102: DTAO | O102: PNN LOS NEVADOS | P102: 15954011 | Q102: 4400000
A103: =+A102+1 -> 102 | B103: CHG98E | C103: AKT | D103: MOTOCICLETA | F103: 181 | G103: 2017 | H103: 163FMKPQ243056 | I103: 9F2A81801H5003694 | J103: 7.0080043e+15 | K103: 46062 | L103: 46426.999 | M103: PARTICULAR | N103: DTAO | O103: NEVADO DEL HUILA | P103: 15954011 | Q103: 4400000
A104: =+A103+1 -> 103 | B104: CHG99E | C104: AKT | D104: MOTOCICLETA | F104: 181 | G104: 2017 | H104: 163FMKPQ243172 | I104: 9F2A81806H5003707 | J104: 7.0080043e+15 | K104: 46062 | L104: 46426.999 | M104: PARTICULAR | N104: DTAO | O104: TATAMA | P104: 15954011 | Q104: 4400000
A105: =+A104+1 -> 104 | B105: OKZ760 | C105: TOYOTA | D105: CAMIONETA | F105: 2393 | G105: 2017 | H105: 2GD0168084 | I105: 8AJKB8CD3H1670369 | J105: 7.0080043e+15 | K105: 46063 | L105: 46427.999 | M105: OFICIAL | N105: DTAM | O105: DIRECCIÓN TERRITORIAL | P105: 09042046 | Q105: 162200000
A106: =+A105+1 -> 105 | B106: OKZ761 | C106: TOYOTA | D106: CAMIONETA | F106: 2393 | G106: 2017 | H106: 2GD4208339 | I106: 8AJKB8CD7H1670701 | J106: 7.0080043e+15 | K106: 46063 | L106: 46427.999 | M106: OFICIAL | N106: DTAM | O106: AMACAYACU | P106: 09042046 | Q106: 162200000
A107: =+A106+1 -> 106 | B107: PGA52D | C107: YAMAHA | D107: MOTOCICLETA | F107: 124 | G107: 2017 | H107: E3L5E056917 | I107: 9FKDE091XH2056917 | J107: 7.0080043e+15 | K107: 46063 | L107: 46427.999 | M107: OFICIAL | N107: DTOR | O107: CORDILLERA DE LOS PICACHOS | P107: 09854031 | Q107: 5900000
A108: =+A107+1 -> 107 | B108: PGA53D | C108: YAMAHA | D108: MOTOCICLETA | F108: 124 | G108: 2017 | H108: E3L5E056842 | I108: 9FKDE0915H2056842 | J108: 7.0080043e+15 | K108: 46063 | L108: 46427.999 | M108: OFICIAL | N108: DTOR | O108: CORDILLERA DE LOS PICACHOS | P108: 09854031 | Q108: 5900000
A109: =+A108+1 -> 108 | B109: CHG93E | C109: AKT | D109: MOTOCICLETA | F109: 181 | G109: 2017 | H109: 163FMKPQ243157 | I109: 9F2A81805H5003696 | J109: 7.0080043e+15 | K109: 46065 | L109: 46429.999 | M109: PARTICULAR | N109: DTAO | O109: PURACE | P109: 15954011 | Q109: 4400000
A110: =+A109+1 -> 109 | B110: CHG94E | C110: AKT | D110: MOTOCICLETA | F110: 181 | G110: 2017 | H110: 163FMKPQ243122 | I110: 9F2A81806H5003691 | J110: 7.0080043e+15 | K110: 46065 | L110: 46429.999 | M110: PARTICULAR | N110: DTAO | O110: COMPLEJO VOLCÁNICO DOÑA JUANA | P110: 15954011 | Q110: 4400000
A111: =+A110+1 -> 110 | B111: CHG95E | C111: AKT | D111: MOTOCICLETA | F111: 181 | G111: 2017 | H111: 163FMKPQ243058 | I111: 9F2A81803H5003695 | J111: 7.0080043e+15 | K111: 46065 | L111: 46429.999 | M111: PARTICULAR | N111: DTAO | O111: GALERAS | P111: 15954011 | Q111: 4400000
A112: =+A111+1 -> 111 | B112: CHG97E | C112: AKT | D112: MOTOCICLETA | F112: 181 | G112: 2017 | H112: 163FMKPQ243060 | I112: 9F2A81809H5003703 | J112: 7.0080043e+15 | K112: 46065 | L112: 46429.999 | M112: PARTICULAR | N112: DTAO | O112: LAS HERMOSAS | P112: 15954011 | Q112: 4400000
A113: =+A112+1 -> 112 | B113: ZUL45C | C113: YAMAHA | D113: MOTOCICLETA | F113: 124 | G113: 2013 | H113: E3B4E010146 | I113: 9FK3B2110D2010146 | J113: 7.0080043e+15 | K113: 46066 | L113: 46430.999 | M113: OFICIAL | N113: DTAM | O113: SERRANÍA DE CHIRIBIQUETE | P113: 09854014 | Q113: 5800000
A114: =+A113+1 -> 113 | B114: ZUL47C | C114: YAMAHA | D114: MOTOCICLETA | F114: 124 | G114: 2013 | H114: E3B4E010144 | I114: 9FK3B2117D2010144 | J114: 7.0080043e+15 | K114: 46066 | L114: 46430.999 | M114: OFICIAL | N114: DTAM | O114: SERRANÍA DE CHIRIBIQUETE | P114: 09854014 | Q114: 5800000
A115: =+A114+1 -> 114 | B115: ZUL48C | C115: YAMAHA | D115: MOTOCICLETA | F115: 124 | G115: 2013 | H115: E3B4E010140 | I115: 9FK3B211XD2010140 | J115: 7.0080043e+15 | K115: 46066 | L115: 46430.999 | M115: OFICIAL | N115: DTAM | O115: NUKAK | P115: 09854014 | Q115: 5800000
A116: =+A115+1 -> 115 | B116: OKZ045 | C116: MITSUBISHI | D116: CAMIONETA | F116: 2360 | G116: 2024 | H116: C324284B12 | I116: JMYXTGF3WRZ000133 | J116: 7.0080043e+15 | K116: 46068 | L116: 46432.999 | M116: OFICIAL | N116: DTAO | O116: TATAMA | P116: 06236111 | Q116: 124300000
A117: =+A116+1 -> 116 | B117: OCI964 | C117: MITSUBISHI | D117: CAMIONETA | F117: 2477 | G117: 2018 | H117: 4D56UAL2124 | I117: MMBJYKL30JH001494 | J117: 7.0080043e+15 | K117: 46078 | L117: 46442.999 | M117: OFICIAL | N117: DTAO | O117: LAS ORQUIDEAS | P117: 06242025 | Q117: 106700000
A118: =+A117+1 -> 117 | B118: YBV01C | C118: YAMAHA | D118: MOTOCICLETA | F118: 124 | G118: 2013 | H118: E3B4E010149 | I118: 9FK3B2116D2010149 | J118: 7.0080043e+15 | K118: 46083 | L118: 46447.999 | M118: OFICIAL | N118: DTAM | O118: LA PAYA | P118: 09854014 | Q118: 5800000
A119: =+A118+1 -> 118 | B119: YBV02C | C119: YAMAHA | D119: MOTOCICLETA | F119: 124 | G119: 2013 | H119: E3B4E010151 | I119: 9FK3B2114D2010151 | J119: 7.0080043e+15 | K119: 46083 | L119: 46447.999 | M119: OFICIAL | N119: DTAM | O119: LA PAYA | P119: 09854014 | Q119: 5800000
A120: =+A119+1 -> 119 | B120: OQE807 | C120: TOYOTA | D120: CAMIONETA | F120: 2393 | G120: 2017 | H120: 2GD0188628 | I120: 8AJKB8CD0H1670541 | J120: 7.0080043e+15 | K120: 46097 | L120: 46461.999 | M120: OFICIAL | N120: DTCA | O120: PARAMILLO | P120: 09042048 | Q120: 139800000
A121: =+A120+1 -> 120 | B121: AYV79F | C121: YAMAHA | D121: MOTOCICLETA | F121: 124 | G121: 2019 | H121: E3Y2E033783 | I121: 9FKDE092XK2033783 | J121: 7.0080043e+15 | K121: 46098 | L121: 46462.999 | M121: OFICIAL | N121: DTAM | O121: SERRANÍA DE LOS CHURUMBELOS | P121: 09857042 | Q121: 6600000
A122: =+A121+1 -> 121 | B122: RPT79F | C122: YAMAHA | D122: MOTOCICLETA | F122: 149 | G122: 2022 | H122: G3L1E051508 | I122: 9FKDG3617N2051508 | J122: 7.0080043e+15 | K122: 46106 | L122: 46470.999 | M122: OFICIAL | N122: DTAN | O122: GUANENTÁ ALTO RIO FONCE | P122: 09854041 | Q122: 11500000
A123: =+A122+1 -> 122 | B123: RPT81F | C123: YAMAHA | D123: MOTOCICLETA | F123: 249 | G123: 2022 | H123: G3F2E027812 | I123: 9FKDG2820N2027812 | J123: 7.0080043e+15 | K123: 46106 | L123: 46470.999 | M123: OFICIAL | N123: DTAN | O123: IGUAQUE | P123: 09854042 | Q123: 19000000
A124: =+A123+1 -> 123 | B124: RPT82F | C124: YAMAHA | D124: MOTOCICLETA | F124: 249 | G124: 2022 | H124: G3F2E027784 | I124: 9FKDG282XN2027784 | J124: 7.0080043e+15 | K124: 46106 | L124: 46470.999 | M124: OFICIAL | N124: DTAN | O124: IGUAQUE | P124: 09854042 | Q124: 19000000
A125: =+A124+1 -> 124 | B125: RPT84F | C125: YAMAHA | D125: MOTOCICLETA | F125: 249 | G125: 2022 | H125: G3F2E027850 | I125: 9FKDG2828N2027850 | J125: 7.0080043e+15 | K125: 46106 | L125: 46470.999 | M125: OFICIAL | N125: DTAN | O125: COCUY | P125: 09854042 | Q125: 19000000
... A131: =+A130+1 -> 130 | B131: RUM44E | C131: HONDA | D131: MOTOCICLETA | F131: 149 | G131: 2018 | H131: KD07E2298123 | I131: 9FMKD072XJF011648 | J131: 7.0080043e+15 | K131: 46107 | L131: 46471.999 | M131: OFICIAL | N131: DTOR | O131: CORDILLERA DE LOS PICACHOS | P131: 03454021 | Q131: 7000000
A132: =+A131+1 -> 131 | B132: OLN167 | C132: NISSAN | D132: CAMPERO Y MANIONETA | F132: 2488 | G132: 2018 | H132: YD25673294P | I132: 3N6CD33B4ZK384903 | J132: 7.0080043e+15 | K132: 46124 | L132: 46488.999 | M132: Oficial | N132: DTPA | O132: LOS KATIOS | P132: 06442055 | Q132: 92700000
A133: =+A132+1 -> 132 | B133: BZN39E | C133: SUZUKI | D133: MOTOCICLETA | F133: 199 | G133: 2017 | H133: H402225939 | I133: 9FSSH42A4HC027519 | J133: 7.0080043e+15 | K133: 46135 | L133: 46499.999 | M133: Oficial | N133: DTAN | O133: CATATUMBO BARI | P133: 08854022 | Q133: 9300000
A134: =+A133+1 -> 133 | B134: EZT70F | C134: HONDA | D134: MOTOCICLETA | F134: 149 | G134: 2021 | H134: KD07E2483946 | I134: 9FMKD0724MF015618 | J134: 7.0080043e+15 | K134: 46135 | L134: 46499.999 | M134: Oficial | N134: DTAO | O134: PNN LOS NEVADOS | P134: 03454021 | Q134: 7800000
A135: =+A134+1 -> 134 | B135: EZT71F | C135: HONDA | D135: MOTOCICLETA | F135: 149 | G135: 2021 | H135: KD07E2483947 | I135: 9FMKD0726MF015619 | J135: 7.0080043e+15 | K135: 46135 | L135: 46499.999 | M135: Oficial | N135: DTAO | O135: PNN LOS NEVADOS | P135: 03454021 | Q135: 7800000
A136: =+A135+1 -> 135 | B136: EZT72F | C136: HONDA | D136: MOTOCICLETA | F136: 149 | G136: 2021 | H136: KD07E2483951 | I136: 9FMKD0720MF015616 | J136: 7.0080043e+15 | K136: 46135 | L136: 46499.999 | M136: Oficial | N136: DTAO | O136: PNN LOS NEVADOS | P136: 03454021 | Q136: 7800000
A137: =+A136+1 -> 136 | B137: JBW77F | C137: HONDA | D137: MOTOCICLETA | F137: 149 | G137: 2021 | H137: KD07E2483980 | I137: 9FMKD0722MF015634 | J137: 7.0080043e+15 | K137: 46136 | L137: 46500.999 | M137: Oficial | N137: DTOR | O137: SIERRA DE LA MACARENA | P137: 03454021 | Q137: 7800000
A138: =+A137+1 -> 137 | B138: JBW81F | C138: HONDA | D138: MOTOCICLETA | F138: 149 | G138: 2021 | H138: KD07E2483015 | I138: 9FMKD072XMF015462 | J138: 7.0080043e+15 | K138: 46136 | L138: 46500.999 | M138: Oficial | N138: DTOR | O138: TINIGUA | P138: 03454021 | Q138: 7800000
A139: =+A138+1 -> 138 | B139: JBW82F | C139: HONDA | D139: MOTOCICLETA | F139: 149 | G139: 2021 | H139: KD07E2483965 | I139: 9FMKD0725MF015630 | J139: 7.0080043e+15 | K139: 46136 | L139: 46500.999 | M139: Oficial | N139: DTOR | O139: CHINGAZA | P139: 03454021 | Q139: 7800000
A140: =+A139+1 -> 139 | B140: KHP81F | C140: HONDA | D140: MOTOCICLETA | F140: 149 | G140: 2021 | H140: KD07E2483984 | I140: 9FMKD0726MF015720 | J140: 7.0080043e+15 | K140: 46136 | L140: 46500.999 | M140: Oficial | N140: DTAO | O140: PURACE | P140: 03454021 | Q140: 7800000
A141: =+A140+1 -> 140 | B141: KHP82F | C141: HONDA | D141: MOTOCICLETA | F141: 149 | G141: 2021 | H141: KD07E2483967 | I141: 9FMKD0724MF015649 | J141: 7.0080043e+15 | K141: 46136 | L141: 46500.999 | M141: Oficial | N141: DTAO | O141: PURACE | P141: 03454021 | Q141: 7800000
A142: =+A141+1 -> 141 | B142: KHP83F | C142: HONDA | D142: MOTOCICLETA | F142: 149 | G142: 2021 | H142: KD07E2483974 | I142: 9FMKD0727MF015614 | J142: 7.0080043e+15 | K142: 46136 | L142: 46500.999 | M142: Oficial | N142: DTAO | O142: PURACE | P142: 03454021 | Q142: 7800000
A143: =+A142+1 -> 142 | B143: JBW78F | C143: HONDA | D143: MOTOCICLETA | F143: 149 | G143: 2021 | H143: KD07E2483964 | I143: 9FMKD0727MF015631 | J143: 7.0080043e+15 | K143: 46139 | L143: 46503.999 | M143: Oficial | N143: DTOR | O143: CHINGAZA | P143: 03454021 | Q143: 7800000
... A177: =+A176+1 -> 176 | B177: VWA90F | C177: YAMAHA | D177: MOTOCICLETA | F177: 124 | G177: 2023 | H177: E3Y2E093190 | I177: 9FKDE0929P2093190 | J177: 15681500017980 | K177: 46155 | L177: 46519 | M177: Oficial | N177: DTAO | O177: TATAMA | P177: 09854031 | Q177: 9200000
A178: =+A177+1 -> 177 | B178: OWN70G | C178: YAMAHA | D178: MOTOCICLETA | F178: 149 | G178: 2024 | H178: G3L1E108638 | I178: 9FKDG3612R2108638 | J178: 15681500017990 | K178: 46159 | L178: 46523 | M178: Oficial | N178: DTAN | O178: ESTORAQUES | P178: 09854041 | Q178: 12500000
A179: =+A178+1 -> 178 | B179: OWN71G | C179: YAMAHA | D179: MOTOCICLETA | F179: 149 | G179: 2024 | H179: G3L1E108769 | I179: 9FKDG3616R2108769 | J179: 15681500018000 | K179: 46159 | L179: 46523 | M179: Oficial | N179: DTAN | O179: ESTORAQUES | P179: 09854041 | Q179: 12500000
A180: =+A179+1 -> 179 | B180: GCX008 | C180: VOLKSWAGEN | D180: CAMPERO Y MANIONETA | F180: 1968 | G180: 2020 | H180: CSH237401 | I180: WV1ZZZ2HZLA015112 | J180: 15681500018010 | K180: 46165 | L180: 46529 | M180: Oficial | N180: DTOR | O180: DIRECCIÓN TERRITORIAL | P180: 09242022 | Q180: 122700000
A181: =+A180+1 -> 180 | B181: KXT382 | C181: CHEVROLET | D181: CAMPERO Y MANIONETA | F181: 2776 | G181: 2023 | H181: LWNF220981129 | I181: 9BG148DK0PC400786 | J181: 15681500018020 | K181: 46172 | L181: 46536 | M181: Oficial | N181: DTAM | O181: ALTO FRAGUA | P181: 01642042 | Q181: 142700000
A182: =+A181+1 -> 181 | B182: KXT384 | C182: CHEVROLET | D182: CAMPERO Y MANIONETA | F182: 2776 | G182: 2023 | H182: LWNF220881168 | I182: 9BG148DK0PC400372 | J182: 15681500018030 | K182: 46172 | L182: 46536 | M182: Oficial | N182: DTOR | O182: SERRANIA DE MANACACIAS | P182: 01646023 | Q182: 126200000
A183: =+A182+1 -> 182 | B183: KXT386 | C183: CHEVROLET | D183: CAMPERO Y MANIONETA | F183: 2776 | G183: 2023 | H183: LWNF220971153 | I183: 9BG148DK0PC400782 | J183: 15681500018040 | K183: 46172 | L183: 46536 | M183: Oficial | N183: DTAM | O183: SERRANÍA DE CHIRIBIQUETE | P183: 01642042 | Q183: 142700000
A184: =+A183+1 -> 183 | B184: KXT389 | C184: CHEVROLET | D184: CAMPERO Y MANIONETA | F184: 2776 | G184: 2023 | H184: LWNF220971108 | I184: 9BG148DK0PC400957 | J184: 15681500018050 | K184: 46172 | L184: 46536 | M184: Oficial | N184: DTAM | O184: PLANTAS MEDICINALES ORITO INGI ANDE | P184: 01642042 | Q184: 142700000
A185: =+A184+1 -> 184 | B185: KXT391 | C185: CHEVROLET | D185: CAMPERO Y MANIONETA | F185: 2776 | G185: 2023 | H185: LWNF220981138 | I185: 9BG148DK0PC400953 | J185: 15681500018060 | K185: 46172 | L185: 46536 | M185: Oficial | N185: DTAM | O185: SERRANÍA DE CHIRIBIQUETE | P185: 01642042 | Q185: 142700000
A186: =+A185+1 -> 185 | B186: KXT393 | C186: CHEVROLET | D186: CAMPERO Y MANIONETA | F186: 2776 | G186: 2023 | H186: LWNF220971134 | I186: 9BG148DK0PC400987 | J186: 15681500018070 | K186: 46172 | L186: 46536 | M186: Oficial | N186: DTOR | O186: SERRANIA DE MANACACIAS | P186: 01646023 | Q186: 126200000
A187: =+A186+1 -> 186 | B187: OAK467 | C187: NISSAN | D187: CAMIONETA | F187: 1598 | G187: 2025 | H187: HR16-003700P | I187: 3N8CP5HE5ZL629070 | J187: 15681500018080 | K187: 46172 | L187: 46536 | M187: Oficial | N187: DTAO | O187: GALERAS | P187: 06435027 | Q187: 89200000
A188: =+A187+1 -> 187 | B188: VAH63C | C188: YAMAHA | D188: MOTOCICLETA | F188: 123 | G188: 2012 | H188: 57C1018786 | I188: 9FKKE1364C2018786 | J188: 15681500018090 | K188: 46178 | L188: 46542 | M188: Particular | N188: DTAO | O188: DIRECCION TERRITORIAL | P188: 09857037 | Q188: 3400000
A189: =+A188+1 -> 188 | B189: CMQ75F | C189: HONDA | D189: MOTOCICLETA | F189: 149 | G189: 2019 | H189: KD07E2379398 | I189: 9FMKD0729KF014445 | J189: 15681500018100 | K189: 46181 | L189: 46545 | M189: Oficial | N189: DTAM | O189: ALTO FRAGUA | P189: 03454021 | Q189: 7100000
...

Sheet 11.DRONES
B5: ITEM | C5: SEDE | D5: DEPENDENCIA/GRUPO/AP | E5: CATEGORIA | F5: PLACA | G5: CARACTERISTICA | H5: FECHA ADQUISICIÓN | I5: VALOR A DEPRECIAR | J5: CLASIFICACIÓN | K5: NOTA
B6: 1 | C6: DIR TERRITORIAL CARIBE PARQUES | D6: ISLA DE SALAMANCA | E6: 2007 | F6: 81311 | G6: DRON DE 4 HELICES CON CAMARA HD. DJIAIR3FLYMORERC2 | H6: 45561 | I6: 6500000 | J6: PROPIO Y EN SERVICIO | K6: ASEGURAR
B7: 2 | C7: DIR. TERRITORIAL PACÍFICO PARQUES | D7: MUNCHIQUE | E7: 2007 | F7: 75794 | G7: DRONE MARCA DJI-MAVIC 3 FLY | H7: 44957 | I7: 19412589 | J7: PROPIO Y EN SERVICIO | K7: ASEGURAR
B8: 3 | C8: DIR. TERRITORIAL ORINOQUIA PARQUES | D8: SERRANIA DE MANACACIAS | E8: 2007 | F8: 70187 | G8: Drone Mavic 2 ENTERPRISE Serial: 276DF9N 001Y51M micro SD de 128, bracket de sujeción control, landingpad maleta rígida impermeable. 6 par hélices cargador, speacker, baliza foco caja rígida cable USB tipo c. CONTROL SN: 0VNCFBW-005BAGH. IPAD SERIAL: H97DQAENQ1GC. BATERIAS 1611AFBP63603ZE 61AHAL6370255 161AHAM63701UF | H8: 44466 | I8: 15200000 | J8: PROPIO Y EN SERVICIO | K8: ASEGURAR
B9: 4 | C9: NIVEL CENTRAL PARQUES | D9: DIRECCIÓN TERRITORIAL | E9: 2007 | F9: 70189 | G9: Drone Phantom 4 pro v2 Serial: 11ush7w-r710113 DRONE 4,software MapPilot business. micro SD 64 Maleta. 8 HELICES, CARGADOR. BATERIAS SN: 1.0DQAHBF03300UG 2. 0DQAHBF03300Z2. 3. 0DQAHBF03300VH CONTROL 11RSH8H-RC201JR. IPAD: GG8DX5V6Q1GC | H9: 44466 | I9: 13500000 | J9: PROPIO Y EN SERVICIO | K9: ASEGURAR
B10: 5 | C10: DIR. TERRITORIAL ORINOQUIA SUBCUENTA-FONAM-PARQUES | D10: SIERRA DE LA MACARENA | E10: 2007 | F10: 79984 | G10: Drone Tiempo máximo de vuelo 40 minutos Alcance máximo de transmisión 9,3 millas (15 km) Resistencia máxima al viento 27 mph (12 m/s) Sensor de imagen: CMOS de 1 Lente: EFL: 28,6 mm Apertura: f / 2,8  f / 11 Batería: 7100 mAh Tiempo de carga: 90 minutos Velocidad Sistema de detección binocular MARCA Autel Robotics EVO II S/N 1748FEV2HL7824301173 RUAS-100-25-0733 | H10: 45639 | I10: 15910667 | J10: PROPIO Y EN SERVICIO | K10: ASEGURAR
B11: 6 | C11: DIR TERRITORIAL CARIBE PARQUES | D11: CIÉNAGA GRANDE DE SANTA MARTA | E11: 2007 | F11: 77437 | G11: DRONE TIPO 3, AUTEL EVO II JUEGO DE ELICES, BATERIA CARGADOR,CABLE,MALETA + ipad 9 generacion Serial KXNHF0HWTX | H11: 45289 | I11: 21025000 | J11: PROPIO Y EN SERVICIO | K11: ASEGURAR
B12: 7 | C12: DIR TERRITORIAL CARIBE PARQUES | D12: BAHÍA PORTETE KAURRELE | E12: 2007 | F12: 77438 | G12: DRONE TIPO 3, AUTEL EVO II JUEGO DE ELICES, BATERIA CARGADOR,CABLE,MALETA +ipad 9 generacion serie: KXYRVW79HR | H12: 45289 | I12: 21025000 | J12: PROPIO Y EN SERVICIO | K12: ASEGURAR
B13: 8 | C13: DIR TERRITORIAL CARIBE PARQUES | D13: LOS FLAMENCOS | E13: 2007 | F13: 77439 | G13: DRONE TIPO 3, AUTEL EVO II JUEGO DE ELICES, BATERIA CARGADOR,CABLE,MALETA +ipad 9 generacion serie: G6P7D00X4L_x000D__x0008_ | H13: 45289 | I13: 21025000 | J13: PROPIO Y EN SERVICIO | K13: ASEGURAR
B14: 9 | C14: DIR TERRITORIAL CARIBE PARQUES | D14: SIERRA NEVADA DE SANTA MARTA | E14: 2007 | F14: 77436 | G14: DRONE TIPO 3, AUTEL EVO II JUEGO DE ELICES, BATERIA CARGADOR,CABLE,MALETA +ipad de 9 generacion serie:HYFVN6490K | H14: 45289 | I14: 21025000 | J14: PROPIO Y EN SERVICIO | K14: ASEGURAR
B15: 10 | C15: DIR TERRITORIAL CARIBE PARQUES | D15: TAYRONA | E15: 2007 | F15: 80123 | G15: DRONES. distancia de trasmisión 15Km 46 min de active track 5.0, 5.1K/50fps, K/120fps,f/2.8 to f/11 + KIT 3 baterias | H15: 45428 | I15: 11960214 | J15: PROPIO Y EN SERVICIO | K15: ASEGURAR
B16: 11 | C16: DIR TERRITORIAL CARIBE PARQUES | D16: CIÉNAGA GRANDE DE SANTA MARTA | E16: 2007 | F16: 81404 | G16: DRONES. DRON DJI AIR 3 . INCLUYE CARGADOR DE BATERIA CHARGING HUB MOD: CHX233-100. | H16: 45687 | I16: 12000000 | J16: PROPIO Y EN SERVICIO | K16: ASEGURAR
B17: 12 | C17: NIVEL CENTRAL PARQUES | D17: GRUPO DE GESTIÓN DEL CONOCIMIENTO E INNOVACIÓN | E17: 2007 | F17: 70188 | G17: DRONES. Drone Phantom 4 pro v2 Serial: 11USH9F-R710015 DRONE 4,software MapPilot business. micro SD de 64 Maleta. 8 HELICES, CARGADOR COMPELTO. BATERIAS SN: 1.0DQAH9303201Z1 2.0DQAHBF03300V6 3.0DQAHBC03302QS CONTROL 11RSH9RRC204FV. IPAD: DMQF2NUEQ1GC | H17: 44466 | I17: 13500000 | J17: PROPIO Y EN SERVICIO | K17: ASEGURAR
... B21: 16 | C21: DIR TERRITORIAL CARIBE PARQUES | D21: ISLA DE SALAMANCA | E21: 2007 | F21: 73614 | G21: DRONES;AERONAVE AUTEL EVO II PRO V2; CONTROL REMOTO;BATERIA INTELIGENTE, CARGADOR, CON IPAD 9 - 64GB Y 2 MICRO SD 64GB SERIE :RWKP4YY9CT | H21: 44901 | I21: 21025000 | J21: PROPIO Y EN SERVICIO | K21: ASEGURAR
B22: 17 | C22: DIR. TERRITORIAL PACÍFICO SUBCUENTA-FARALLONES DE CALI | E22: 2007 | F22: 86694 | G22: DRONE MARCA WINGTRA MODELO 2026 NÚMERO DE SERIE 10097 | I22: 463866998
H23: TOTAL | I23: =SUM(I6:I22) -> 824021468
